 Dungeon Crawl Stone Soup version 0.29.0-4-gdea44cf6ec (webtiles) character file.

Game seed: 5196504551827584429

18143 qw the Grappler (level 12, 114/114 HPs)
             Began as a Troll Cinder Acolyte on Aug 30, 2022.
             Was an Initiate of Ignis.
             Quit the game on level 2 of the Lair of Beasts.
             The game lasted 00:12:29 (12664 turns).

qw the Grappler (Troll Cinder Acolyte)             Turns: 12664, Time: 00:12:30

Health: 114/114    AC: 10    Str: 29    XL:     12   Next: 25%
Magic:  12/12      EV:  9    Int: 10    God:    Ignis [......]
Gold:   774        SH: 10    Dex: 11    Spells: 13/13 levels left

rFire   + + .      SeeInvis .     - Unarmed
rCold   . . .      Faith    .   g - +0 kite shield
rNeg    . . .      Spirit   .   f - +1 steam dragon scales
rPois   .          Reflect  .   (helmet restricted)
rElec   .          Harm     .   k - +1 cloak
rCorr   .          Rampage  .   (gloves unavailable)
Will    .....                   (boots unavailable)
Stlth   +.........              s - amulet of regeneration
HPRegen 1.89/turn               n - ring of protection from fire
MPRegen 0.13/turn               p - +6 ring of dexterity

@: no status effects
A: large, unfitting armour, claws 3, regeneration 1, shaggy fur 1, tough skin 1
a: Renounce Religion, Rising Flame


You were on level 2 of the Lair of Beasts.
You worshipped Ignis.
Ignis was noncommittal.
You visited 2 branches of the dungeon, and saw 13 of its levels.
You also visited: Sewer.

You collected 918 gold pieces.
You spent 144 gold pieces at shops.


Innate Abilities, Weirdness & Mutations

You are too large for most types of armour.
You have claws for hands.
Your natural rate of healing is unusually fast.
You are covered in fur. (AC +1)
You have tough skin. (AC +1)


   Skills:
 - Level 6.1 Fighting
 - Level 3.4 Throwing
 - Level 2.2 Armour
 - Level 3.0 Dodging
 - Level 10.1 Shields
 + Level 14.7 Unarmed Combat
 - Level 1.0 Spellcasting
 - Level 2.1 Fire Magic


You had 13 spell levels left.
You didn't know any spells.
Your spell library contained the following spells:

 Spells                   Type           Power      Damage    Failure   Level
 Scorch                   Fire           8%         2d5       36%         2

Inventory:

Missiles
 a - a boomerang
 h - 3 silver boomerangs (quivered)
 o - 3 javelins
Armour
 f - +1 steam dragon scales (worn)
 g - a +0 kite shield (worn)
 k - a +1 cloak (worn)
Jewellery
 l - a ring of protection from fire
 n - a ring of protection from fire (left claw)
 p - a +6 ring of dexterity (right claw)
 r - a ring of willpower
 s - an amulet of regeneration (around neck)
Scrolls
 e - 5 scrolls of enchant weapon
 i - 6 scrolls of identify
 j - a scroll of brand weapon
Potions
 b - 3 potions of cancellation
 c - 6 potions of curing
 d - 3 potions of might
 m - 3 potions of heal wounds
 q - a potion of resistance
 t - 2 potions of haste

Dungeon Overview and Level Annotations

Branches:
Dungeon (11/15)            Temple (0/1) D:7            Lair (2/5) D:11
 Shoals (0/4) Lair:2          Orc (0/2) D:11          Sewer (visited)
  Snake: Lair:2-3    Spider: Lair:2-3

Altars:
Cheibriados
Fedhas
Gozag
Makhleb
Nemelex Xobeh
Okawaru
Vehumet
Xom
Yredelemnul
Zin

Shops:
D:9 *   D:10 *


Message History

12625 ||| Stepping randomly (stuck).
12626 ||| Stepping randomly (stuck).
12627 ||| Stepping randomly (stuck).
12628 ||| Stepping randomly (stuck).
12629 ||| Stepping randomly (stuck).
12630 ||| Stepping randomly (stuck).
12631 ||| Stepping randomly (stuck).
12632 ||| Stepping randomly (stuck).
12633 ||| Stepping randomly (stuck).
12634 ||| Stepping randomly (stuck).
12635 ||| Stepping randomly (stuck).
12636 ||| Stepping randomly (stuck).
12637 ||| Stepping randomly (stuck).
12638 ||| Stepping randomly (stuck).
12639 ||| Stepping randomly (stuck).
12640 ||| Stepping randomly (stuck).
12641 ||| Stepping randomly (stuck).
12642 ||| Stepping randomly (stuck).
12643 ||| Stepping randomly (stuck).
12644 ||| Stepping randomly (stuck).
12645 ||| Stepping randomly (stuck).
12646 ||| Stepping randomly (stuck).
12647 ||| Stepping randomly (stuck).
12648 ||| Stepping randomly (stuck).
12649 ||| Stepping randomly (stuck).
12650 ||| Stepping randomly (stuck).
12651 ||| Stepping randomly (stuck).
12652 ||| Stepping randomly (stuck).
12653 ||| Stepping randomly (stuck).
12654 ||| Stepping randomly (stuck).
12655 ||| Stepping randomly (stuck).
12656 ||| Stepping randomly (stuck).
12657 ||| Stepping randomly (stuck).
12658 ||| Stepping randomly (stuck).
12659 ||| Stepping randomly (stuck).
12660 ||| Stepping randomly (stuck).
12661 ||| Stepping randomly (stuck).
12662 ||| Stepping randomly (stuck).
12663 ||| Stepping randomly (stuck).
Are you sure you want to abandon this character and quit the game? (Confirm with "yes".)

.#.#.###.###...####.#.##
. ..>............##.#..#
# ....#####....####....#
.#.. #.##..##.....##
...# ####..........# ...
#.....?.....### #..
##..#..P..#..#
#.#######P.##....##..#
#..##PP.#.......@...##
...#...........#....#
#..#.##.............#
(.##.#...#.##.##.#..#
#.##.##.#......###..#
..##.##.#P......##...#
...............#.#..P#
#.#.###.##..........##
#.### ###......###>##


There were no monsters in sight!

Vanquished Creatures
  Harold (Lair:1)
  A hydra (Lair:2)
  A two-headed ogre (D:11)
  2 death yaks (Lair:2)
  Pikel (D:8)
  A deep elf pyromancer (D:9)
  An ugly thing (D:11)
  2 black mambas (Lair:1)
  3 cane toads
  A torpor snail (Lair:2)
  2 unseen horror zombies (D:9)
  3 unseen horrors
  A kobold demonologist (D:10)
  2 trolls
  Grinder (D:3)
  2 hornets (D:9)
  4 blink frogs (Lair:2)
  3 wyverns
  A wraith (D:10)
  A vampire (D:10)
  A basilisk (Lair:2)
  4 vampire mosquitoes (D:11)
  19 yaks
  2 steam dragons
  2 acid dragons (D:9)
  A water moccasin (D:3)
  4 orc warriors
  3 sky beasts
  A black bear (D:7)
  An ogre (D:4)
  5 wolves (Lair:1)
  3 centaurs
  A lemure (D:8)
  A kobold brigand (D:10)
  11 bullfrogs
  A necrophage (D:6)
  6 scorpions
  A gnoll sergeant (D:7)
  9 wights
  2 howler monkeys
  3 hounds
  A jelly (D:5)
  An orc priest (D:10)
  3 gnoll boudas
  5 orc wizards
  17 gnolls
  12 adders
  2 river rats (Sewer)
  A shadow imp (D:5)
  3 white imps
  An ufetubus (D:5)
  3 worms
  4 dart slugs
  38 orcs
  8 ball pythons
  12 endoplasms
  5 giant cockroaches
  15 goblins
  9 hobgoblins
  A jackal (D:4)
  15 kobolds
  8 quokkas
  A bat (D:1)
  9 frilled lizards
  26 rats
315 creatures vanquished.

Vanquished Creatures (others)
  An angel (D:9)
  A bush (Lair:2)
  12 fungi (Lair:2)
  6 plants
20 creatures vanquished.

Grand Total: 335 creatures vanquished

Notes
Turn   | Place    | Note
-------+----------+-------------------------------------------
     0 | D:1      | qw the Troll Cinder Acolyte began the quest for the Orb.
     0 | D:1      | Reached XP level 1. HP: 22/22 MP: 1/1
     0 | D:1      | 0 ||| qw: Version: 0.1-a-95-gae9e614
     0 | D:1      | 0 ||| qw: Game counter: 4369
     0 | D:1      | 0 ||| qw: Always use a shield: true
     0 | D:1      | 0 ||| qw: God list: Okawaru
     0 | D:1      | 0 ||| qw: Allow faded altars: false
     0 | D:1      | 0 ||| qw: Do Orc after D:15 true
     0 | D:1      | 0 ||| qw: Do second Lair branch before Depths: true
     0 | D:1      | 0 ||| qw: Lair rune preference: random
     0 | D:1      | 0 ||| qw: Plans: Normal
     0 | D:1      | 0 ||| PLANNING D:1-11
   144 | D:1      | Reached XP level 2. HP: 24/29 MP: 2/2
   311 | D:1      | Reached skill level 4 in Unarmed Combat
   405 | D:1      | 405 ||| Stepping ~*~*~tactically~*~*~ (hiding).
   409 | D:1      | 409 ||| Stepping ~*~*~tactically~*~*~ (hiding).
   446 | D:1      | 446 ||| Stepping ~*~*~tactically~*~*~ (outnumbered).
   447 | D:1      | 447 ||| Stepping ~*~*~tactically~*~*~ (outnumbered).
   449 | D:1      | 449 ||| Stepping ~*~*~tactically~*~*~ (outnumbered).
   452 | D:1      | Reached XP level 3. HP: 36/36 MP: 3/3
   533 | D:1      | 533 ||| UPGRADING to ring of protection from fire.
   534 | D:1      | 534 ||| READING scroll labelled ATHRUCH EXODI.
   538 | D:1      | 538 ||| READING 3 scrolls labelled PEUNEDW SOOVUPLA.
   539 | D:1      | 539 ||| READING scroll labelled YROAHE RUPTUCS.
   540 | D:1      | 540 ||| READING scroll labelled PETESOT BASCH.
   541 | D:1      | 541 ||| READING scroll labelled SAUBRANUY.
   542 | D:1      | 542 ||| READING 2 scrolls of identify.
   542 | D:1      | 542 ||| IDENTIFYING amethyst potion
   793 | D:2      | Found a faded altar of an unknown god.
   950 | D:2      | Found a blossoming altar of Fedhas.
  1062 | D:2      | Reached XP level 4. HP: 44/44 MP: 4/4
  1188 | D:2      | Reached skill level 5 in Unarmed Combat
  1449 | D:2      | 1449 ||| DROPPING ring of fire.
  1450 | D:2      | 1450 ||| UPGRADING to ring of protection from fire.
  1451 | D:2      | 1451 ||| READING scroll labelled WEYN BIRONEES.
  1452 | D:2      | 1452 ||| READING scroll labelled ESEPHA ROGU.
  1453 | D:2      | 1453 ||| DRINKING 3 pink potions.
  1487 | D:3      | 1487 ||| PLANNING SEWER
  1710 | D:3      | 1710 ||| Stepping ~*~*~tactically~*~*~ (stealth).
  1865 | D:3      | Found a glowing drain.
  1882 | D:3      | 1882 ||| UPGRADING to +1 cloak.
  1887 | D:3      | 1887 ||| UPGRADING to +6 ring of dexterity.
  1889 | D:3      | 1889 ||| READING scroll labelled XAROFAATOO.
  1990 | D:3      | 1990 ||| READING scroll labelled HESTOA BYHAUPTU.
  1991 | D:3      | 1991 ||| READING 3 scrolls of identify.
  1991 | D:3      | 1991 ||| IDENTIFYING emerald potion
  1992 | D:3      | 1992 ||| READING 2 scrolls of identify.
  1992 | D:3      | 1992 ||| IDENTIFYING fuming golden potion
  1993 | D:3      | 1993 ||| DROPPING potion of invisibility.
  1994 | D:3      | 1994 ||| DROPPING potion of attraction.
  2002 | Sewer    | Entered a sewer
  2015 | Sewer    | 2015 ||| Stepping ~*~*~tactically~*~*~ (stealth).
  2062 | Sewer    | Reached XP level 5. HP: 48/50 MP: 5/5
  2073 | Sewer    | Reached skill level 1 in Dodging
  2340 | Sewer    | 2340 ||| READING 2 scrolls labelled HEECIA VA NARU.
  2341 | Sewer    | 2341 ||| DRINKING 2 coppery potions.
  2342 | Sewer    | 2342 ||| READING 3 scrolls of identify.
  2342 | Sewer    | 2342 ||| IDENTIFYING inky potion
  2343 | Sewer    | 2343 ||| DROPPING potion of flight.
  2344 | Sewer    | 2344 ||| DROPPING scroll of amnesia.
  2381 | D:3      | 2381 ||| PLANNING D:1-11
  2418 | D:3      | Noticed a water moccasin
  2424 | D:3      | Killed a water moccasin
  2425 | D:3      | Reached skill level 6 in Unarmed Combat
  2425 | D:3      | Reached XP level 6. HP: 56/59 MP: 6/6
  2550 | D:3      | Noticed Grinder
  2562 | D:3      | Paralysed by Grinder for 3 turns
  2566 | D:3      | Killed Grinder
  2567 | D:3      | Reached skill level 7 in Unarmed Combat
  2973 | D:4      | 2973 ||| Stepping ~*~*~tactically~*~*~ (outnumbered).
  2975 | D:4      | Reached XP level 7. HP: 56/66 MP: 7/7
  3001 | D:4      | Reached skill level 8 in Unarmed Combat
  3001 | D:4      | 3001 ||| INVOKING Fiery Armour.
  3061 | D:4      | Reached skill level 3 in Fighting
  3155 | D:4      | 3155 ||| Stepping ~*~*~tactically~*~*~ (stealth).
  3159 | D:4      | 3159 ||| Stepping ~*~*~tactically~*~*~ (stealth).
  3239 | D:4      | 3239 ||| Stepping ~*~*~tactically~*~*~ (stealth).
  3241 | D:4      | 3241 ||| Stepping ~*~*~tactically~*~*~ (stealth).
  3242 | D:4      | 3242 ||| Stepping ~*~*~tactically~*~*~ (stealth).
  3249 | D:4      | 3249 ||| Stepping ~*~*~tactically~*~*~ (outnumbered).
  3250 | D:4      | 3250 ||| Stepping ~*~*~tactically~*~*~ (outnumbered).
  3253 | D:4      | 3253 ||| FLEEEEING.
  3255 | D:4      | 3255 ||| FLEEEEING.
  3256 | D:4      | 3256 ||| FLEEEEING.
  3257 | D:4      | 3257 ||| FLEEEEING.
  3258 | D:4      | 3258 ||| FLEEEEING.
  3259 | D:4      | 3259 ||| FLEEEEING.
  3260 | D:4      | 3260 ||| FLEEEEING.
  3261 | D:4      | 3261 ||| FLEEEEING.
  3292 | D:4      | 3292 ||| Stepping ~*~*~tactically~*~*~ (hiding).
  3479 | D:4      | 3479 ||| READING scroll labelled REPPUI ZECA.
  3480 | D:4      | 3480 ||| READING scroll labelled KEQYEKH CETO.
  3481 | D:4      | 3481 ||| READING 3 scrolls of identify.
  3481 | D:4      | 3481 ||| IDENTIFYING fizzy inky potion
  3482 | D:4      | 3482 ||| DROPPING potion of lignification.
  3517 | D:5      | Entered Level 5 of the Dungeon
  3756 | D:5      | Reached skill level 9 in Unarmed Combat
  4049 | D:5      | Reached XP level 8. HP: 75/75 MP: 8/8
  4356 | D:5      | 4356 ||| READING scroll labelled DUXZIC HOEF.
  4357 | D:5      | 4357 ||| READING 4 scrolls of identify.
  4357 | D:5      | 4357 ||| IDENTIFYING sedimented black potion
  4421 | D:6      | 4421 ||| Stepping ~*~*~tactically~*~*~ (hiding).
  4422 | D:6      | 4422 ||| Stepping ~*~*~tactically~*~*~ (hiding).
  4423 | D:6      | 4423 ||| Stepping ~*~*~tactically~*~*~ (hiding).
  4424 | D:6      | 4424 ||| Stepping ~*~*~tactically~*~*~ (hiding).
  4427 | D:6      | 4427 ||| Stepping ~*~*~tactically~*~*~ (outnumbered).
  4435 | D:6      | Reached skill level 10 in Unarmed Combat
  4435 | D:6      | 4435 ||| INVOKING Fiery Armour.
  4436 | D:6      | 4436 ||| Stepping ~*~*~tactically~*~*~ (outnumbered).
  4437 | D:6      | 4437 ||| Stepping ~*~*~tactically~*~*~ (outnumbered).
  4665 | D:6      | Found a burning altar of Makhleb.
  4798 | D:6      | Found an opulent altar of Gozag.
  4798 | D:6      | Found a sparkling altar of Nemelex Xobeh.
  4999 | D:6      | Reached skill level 1 in Throwing
  5291 | D:6      | 5291 ||| UPGRADING to +0 kite shield.
  5296 | D:6      | 5296 ||| READING 6 scrolls of identify.
  5296 | D:6      | 5296 ||| IDENTIFYING fuming amethyst potion
  5297 | D:6      | 5297 ||| DROPPING potion of ambrosia.
  5391 | D:7      | Reached skill level 1 in Shields
  5419 | D:7      | Found a staircase to the Ecumenical Temple.
  5422 | D:7      | 5422 ||| Stepping ~*~*~tactically~*~*~ (hiding).
  5524 | D:7      | 5524 ||| Stepping ~*~*~tactically~*~*~ (hiding).
  5532 | D:7      | Reached XP level 9. HP: 76/84 MP: 9/9
  5747 | D:7      | 5747 ||| INVOKING Fiery Armour.
  5760 | D:7      | 5760 ||| Stepping ~*~*~tactically~*~*~ (outnumbered).
  5831 | D:7      | Reached skill level 3 in Shields
  5929 | D:7      | 5929 ||| UPGRADING to +0 steam dragon scales.
  5939 | D:7      | 5939 ||| DROPPING +0 robe.
  6017 | D:8      | 6017 ||| Stepping ~*~*~tactically~*~*~ (outnumbered).
  6018 | D:8      | 6018 ||| Stepping ~*~*~tactically~*~*~ (outnumbered).
  6019 | D:8      | 6019 ||| Stepping ~*~*~tactically~*~*~ (outnumbered).
  6020 | D:8      | 6020 ||| Stepping ~*~*~tactically~*~*~ (outnumbered).
  6021 | D:8      | 6021 ||| Stepping ~*~*~tactically~*~*~ (outnumbered).
  6022 | D:8      | 6022 ||| Stepping ~*~*~tactically~*~*~ (outnumbered).
  6023 | D:8      | 6023 ||| Stepping ~*~*~tactically~*~*~ (outnumbered).
  6024 | D:8      | 6024 ||| Stepping ~*~*~tactically~*~*~ (outnumbered).
  6025 | D:8      | 6025 ||| Stepping ~*~*~tactically~*~*~ (outnumbered).
  6026 | D:8      | 6026 ||| Stepping ~*~*~tactically~*~*~ (outnumbered).
  6027 | D:8      | 6027 ||| Stepping ~*~*~tactically~*~*~ (outnumbered).
  6028 | D:8      | 6028 ||| Stepping ~*~*~tactically~*~*~ (outnumbered).
  6029 | D:8      | 6029 ||| Stepping ~*~*~tactically~*~*~ (outnumbered).
  6030 | D:8      | 6030 ||| Stepping ~*~*~tactically~*~*~ (outnumbered).
  6031 | D:8      | 6031 ||| Stepping ~*~*~tactically~*~*~ (outnumbered).
  6032 | D:8      | 6032 ||| Stepping ~*~*~tactically~*~*~ (outnumbered).
  6033 | D:8      | 6033 ||| Stepping ~*~*~tactically~*~*~ (outnumbered).
  6093 | D:8      | 6093 ||| Stepping ~*~*~tactically~*~*~ (hiding).
  6095 | D:8      | 6095 ||| Stepping ~*~*~tactically~*~*~ (outnumbered).
  6096 | D:8      | 6096 ||| Stepping ~*~*~tactically~*~*~ (outnumbered).
  6097 | D:8      | 6097 ||| Stepping ~*~*~tactically~*~*~ (outnumbered).
  6098 | D:8      | 6098 ||| Stepping ~*~*~tactically~*~*~ (outnumbered).
  6100 | D:8      | 6100 ||| Stepping ~*~*~tactically~*~*~ (outnumbered).
  6101 | D:8      | 6101 ||| Stepping ~*~*~tactically~*~*~ (outnumbered).
  6146 | D:8      | Noticed Pikel
  6147 | D:8      | 6147 ||| Stepping ~*~*~tactically~*~*~ (stealth).
  6149 | D:8      | 6149 ||| Stepping ~*~*~tactically~*~*~ (stealth).
  6155 | D:8      | 6155 ||| Stepping ~*~*~tactically~*~*~ (stealth).
  6156 | D:8      | 6156 ||| Stepping ~*~*~tactically~*~*~ (stealth).
  6161 | D:8      | Killed Pikel
  6162 | D:8      | Reached skill level 6 in Shields
  6181 | D:8      | 6181 ||| Stepping ~*~*~tactically~*~*~ (stealth).
  6182 | D:8      | 6182 ||| Stepping ~*~*~tactically~*~*~ (stealth).
  6183 | D:8      | 6183 ||| Stepping ~*~*~tactically~*~*~ (stealth).
  6185 | D:8      | 6185 ||| Stepping ~*~*~tactically~*~*~ (hiding).
  6312 | D:8      | 6312 ||| Stepping ~*~*~tactically~*~*~ (stealth).
  6317 | D:8      | 6317 ||| Stepping ~*~*~tactically~*~*~ (stealth).
  6319 | D:8      | 6319 ||| Stepping ~*~*~tactically~*~*~ (stealth).
  6442 | D:8      | 6442 ||| Stepping ~*~*~tactically~*~*~ (stealth).
  6444 | D:8      | Reached skill level 1 in Armour
  6453 | D:8      | 6453 ||| Stepping randomly (disturbance).
  6470 | D:8      | 6470 ||| FLEEEEING.
  6496 | D:8      | Killed an unseen horror
  6497 | D:8      | Reached skill level 3 in Throwing
  6671 | D:9      | Found a shimmering altar of Xom.
  6676 | D:9      | 6676 ||| STAIRDANCE
  6681 | D:9      | 6681 ||| Stepping ~*~*~tactically~*~*~ (outnumbered).
  6681 | D:9      | Noticed an angel
  6686 | D:9      | Reached XP level 10. HP: 62/93 MP: 10/10
  6729 | D:9      | Found a glowing silver altar of Zin.
  6795 | D:9      | 6795 ||| Stepping ~*~*~tactically~*~*~ (hiding).
  6897 | D:9      | 6897 ||| Stepping ~*~*~tactically~*~*~ (stealth).
  6904 | D:9      | 6904 ||| Stepping ~*~*~tactically~*~*~ (outnumbered).
  6906 | D:9      | 6906 ||| Stepping ~*~*~tactically~*~*~ (outnumbered).
  6907 | D:9      | 6907 ||| Stepping ~*~*~tactically~*~*~ (outnumbered).
  6908 | D:9      | 6908 ||| Stepping ~*~*~tactically~*~*~ (outnumbered).
  6909 | D:9      | 6909 ||| Stepping ~*~*~tactically~*~*~ (outnumbered).
  6910 | D:9      | 6910 ||| Stepping ~*~*~tactically~*~*~ (outnumbered).
  6911 | D:9      | 6911 ||| Stepping ~*~*~tactically~*~*~ (outnumbered).
  6912 | D:9      | 6912 ||| Stepping ~*~*~tactically~*~*~ (outnumbered).
  6913 | D:9      | 6913 ||| Stepping ~*~*~tactically~*~*~ (outnumbered).
  6914 | D:9      | 6914 ||| Stepping ~*~*~tactically~*~*~ (hiding).
  6915 | D:9      | 6915 ||| Stepping ~*~*~tactically~*~*~ (hiding).
  6916 | D:9      | 6916 ||| Stepping ~*~*~tactically~*~*~ (outnumbered).
  6917 | D:9      | 6917 ||| Stepping ~*~*~tactically~*~*~ (outnumbered).
  6918 | D:9      | 6918 ||| Stepping ~*~*~tactically~*~*~ (hiding).
  6919 | D:9      | 6919 ||| Stepping ~*~*~tactically~*~*~ (hiding).
  6921 | D:9      | 6921 ||| Stepping ~*~*~tactically~*~*~ (outnumbered).
  6922 | D:9      | 6922 ||| Stepping ~*~*~tactically~*~*~ (outnumbered).
  6923 | D:9      | 6923 ||| Stepping ~*~*~tactically~*~*~ (outnumbered).
  6924 | D:9      | 6924 ||| Stepping ~*~*~tactically~*~*~ (outnumbered).
  6925 | D:9      | 6925 ||| Stepping ~*~*~tactically~*~*~ (outnumbered).
  6927 | D:9      | 6927 ||| Stepping ~*~*~tactically~*~*~ (outnumbered).
  6994 | D:9      | Noticed a deep elf pyromancer
  6995 | D:9      | 6995 ||| Stepping ~*~*~tactically~*~*~ (stealth).
  6996 | D:9      | 6996 ||| Stepping ~*~*~tactically~*~*~ (stealth).
  7000 | D:9      | 7000 ||| Stepping ~*~*~tactically~*~*~ (hiding).
  7001 | D:9      | 7001 ||| Stepping ~*~*~tactically~*~*~ (hiding).
  7010 | D:9      | Killed a deep elf pyromancer
  7011 | D:9      | Reached skill level 11 in Unarmed Combat
  7078 | D:9      | Found a radiant altar of Vehumet.
  7084 | D:9      | Found an iron altar of Okawaru.
  7089 | D:9      | 7089 ||| Stepping ~*~*~tactically~*~*~ (outnumbered).
  7090 | D:9      | 7090 ||| Stepping ~*~*~tactically~*~*~ (outnumbered).
  7090 | D:9      | Killed an angel
  7253 | D:9      | Found Mefoke's Assorted Antiques.
  7260 | D:9      | 7260 ||| BUYING scroll labelled JAYSUTT HIOJO (32 gold).
  7260 | D:9      | Bought a scroll labelled JAYSUTT HIOJO for 32 gold pieces
  7271 | D:9      | Paralysed by a hornet for 1 turns
  7282 | D:9      | 7282 ||| INVOKING Fiery Armour.
  7441 | D:9      | 7441 ||| Stepping ~*~*~tactically~*~*~ (stealth).
  7451 | D:9      | Reached skill level 9 in Shields
  7475 | D:9      | Found a basalt altar of Yredelemnul.
  7500 | D:9      | 7500 ||| Stepping ~*~*~tactically~*~*~ (stealth).
  7538 | D:9      | 7538 ||| Stepping ~*~*~tactically~*~*~ (stealth).
  7542 | D:9      | 7542 ||| Stepping ~*~*~tactically~*~*~ (outnumbered).
  7543 | D:9      | 7543 ||| Stepping ~*~*~tactically~*~*~ (outnumbered).
  7544 | D:9      | 7544 ||| Stepping ~*~*~tactically~*~*~ (outnumbered).
  7546 | D:9      | 7546 ||| Stepping ~*~*~tactically~*~*~ (stealth).
  7547 | D:9      | 7547 ||| Stepping ~*~*~tactically~*~*~ (outnumbered).
  7548 | D:9      | 7548 ||| Stepping ~*~*~tactically~*~*~ (outnumbered).
  7549 | D:9      | 7549 ||| Stepping ~*~*~tactically~*~*~ (outnumbered).
  7550 | D:9      | 7550 ||| Stepping ~*~*~tactically~*~*~ (outnumbered).
  7551 | D:9      | 7551 ||| Stepping ~*~*~tactically~*~*~ (outnumbered).
  7558 | D:9      | 7558 ||| FLEEEEING.
  7560 | D:9      | 7560 ||| Stepping ~*~*~tactically~*~*~ (outnumbered).
  7561 | D:9      | 7561 ||| Stepping ~*~*~tactically~*~*~ (outnumbered).
  7562 | D:9      | 7562 ||| Stepping ~*~*~tactically~*~*~ (outnumbered).
  7563 | D:9      | 7563 ||| Stepping ~*~*~tactically~*~*~ (outnumbered).
  7734 | D:9      | 7734 ||| READING 2 scrolls labelled JAYSUTT HIOJO.
  7735 | D:9      | 7735 ||| READING scroll of enchant armour.
  7735 | D:9      | 7735 ||| ENCHANTING +0 steam dragon scales.
  7747 | D:10     | Entered Level 10 of the Dungeon
  7759 | D:10     | 7759 ||| Stepping ~*~*~tactically~*~*~ (stealth).
  7762 | D:10     | 7762 ||| Stepping ~*~*~tactically~*~*~ (stealth).
  7764 | D:10     | 7764 ||| Stepping ~*~*~tactically~*~*~ (stealth).
  7767 | D:10     | 7767 ||| INVOKING Fiery Armour.
  7899 | D:10     | 7899 ||| Stepping ~*~*~tactically~*~*~ (stealth).
  7902 | D:10     | 7902 ||| Stepping ~*~*~tactically~*~*~ (stealth).
  7912 | D:10     | Reached skill level 12 in Unarmed Combat
  8243 | D:10     | Noticed an orange demon
  8251 | D:10     | 8251 ||| Stepping ~*~*~tactically~*~*~ (outnumbered).
  8252 | D:10     | Noticed a rust devil
  8252 | D:10     | 8252 ||| Stepping ~*~*~tactically~*~*~ (outnumbered).
  8255 | D:10     | 8255 ||| INVOKING Fiery Armour.
  8256 | D:10     | 8256 ||| Stepping ~*~*~tactically~*~*~ (outnumbered).
  8257 | D:10     | 8257 ||| Stepping ~*~*~tactically~*~*~ (outnumbered).
  8260 | D:10     | 8260 ||| Stepping ~*~*~tactically~*~*~ (outnumbered).
  8266 | D:10     | Noticed a soul eater
  8328 | D:10     | 8328 ||| Stepping ~*~*~tactically~*~*~ (hiding).
  8430 | D:10     | 8430 ||| Stepping ~*~*~tactically~*~*~ (hiding).
  8532 | D:10     | 8532 ||| Stepping ~*~*~tactically~*~*~ (hiding).
  8659 | D:10     | Found a snail-covered altar of Cheibriados.
  8674 | D:10     | Found Olaez's General Store.
  8677 | D:10     | 8677 ||| BUYING potion of heal wounds (80 gold).
  8677 | D:10     | Bought a potion of heal wounds for 80 gold pieces
  8677 | D:10     | 8677 ||| BUYING scroll of identify (32 gold).
  8677 | D:10     | Bought a scroll of identify for 32 gold pieces
  9463 | D:10     | 9463 ||| UPGRADING to amulet of regeneration.
  9468 | D:10     | 9468 ||| READING scroll labelled QURAYPH XIOP.
  9469 | D:10     | 9469 ||| READING 8 scrolls of identify.
  9469 | D:10     | 9469 ||| IDENTIFYING grey potion
  9470 | D:10     | 9470 ||| DROPPING potion of magic.
  9491 | D:11     | Noticed a purple ugly thing
  9492 | D:11     | 9492 ||| PLANNING GAUNTLET
  9500 | D:11     | Killed a purple ugly thing
  9501 | D:11     | Reached XP level 11. HP: 87/104 MP: 11/11
  9501 | D:11     | 9501 ||| STAIRDANCE
  9556 | D:11     | 9556 ||| INVOKING Fiery Armour.
  9748 | D:11     | 9748 ||| DRINKING 7 potions of curing.
  9748 | D:11     | 9748 ||| (to cure confusion)
  9788 | D:11     | Found a staircase to the Orcish Mines.
  9794 | D:11     | Noticed a two-headed ogre
  9801 | D:11     | 9801 ||| INVOKING Fiery Armour.
  9803 | D:11     | Killed a two-headed ogre
  9876 | D:11     | 9876 ||| DRINKING 6 potions of curing.
  9876 | D:11     | 9876 ||| (to cure confusion)
  9899 | D:11     | 9899 ||| Stepping ~*~*~tactically~*~*~ (stealth).
  9901 | D:11     | 9901 ||| Stepping ~*~*~tactically~*~*~ (stealth).
  9903 | D:11     | 9903 ||| Stepping ~*~*~tactically~*~*~ (stealth).
  9913 | D:11     | Reached skill level 13 in Unarmed Combat
  9962 | D:11     | Found a gate leading to a gauntlet.
  9963 | D:11     | 9963 ||| READING 8 scrolls of identify.
  9963 | D:11     | 9963 ||| IDENTIFYING fuming green potion
 10012 | D:11     | Found a staircase to the Lair.
 10494 | D:11     | 10494 ||| RIP GAUNTLET
 10494 | D:11     | 10494 ||| PLANNING LAIR
 10553 | Lair:1   | Entered Level 1 of the Lair of Beasts
 10555 | Lair:1   | 10555 ||| Stepping ~*~*~tactically~*~*~ (stealth).
 10608 | Lair:1   | 10608 ||| INVOKING Fiery Armour.
 10615 | Lair:1   | 10615 ||| Stepping ~*~*~tactically~*~*~ (outnumbered).
 10616 | Lair:1   | 10616 ||| Stepping ~*~*~tactically~*~*~ (outnumbered).
 10617 | Lair:1   | 10617 ||| Stepping ~*~*~tactically~*~*~ (outnumbered).
 10618 | Lair:1   | 10618 ||| Stepping ~*~*~tactically~*~*~ (outnumbered).
 10619 | Lair:1   | 10619 ||| Stepping ~*~*~tactically~*~*~ (outnumbered).
 10620 | Lair:1   | 10620 ||| Stepping ~*~*~tactically~*~*~ (outnumbered).
 10621 | Lair:1   | 10621 ||| Stepping ~*~*~tactically~*~*~ (outnumbered).
 10624 | Lair:1   | 10624 ||| Stepping ~*~*~tactically~*~*~ (outnumbered).
 10626 | Lair:1   | 10626 ||| Stepping ~*~*~tactically~*~*~ (outnumbered).
 10639 | Lair:1   | Reached skill level 3 in Dodging
 10722 | Lair:1   | 10722 ||| Stepping ~*~*~tactically~*~*~ (stealth).
 10725 | Lair:1   | 10725 ||| INVOKING Fiery Armour.
 10942 | Lair:1   | Noticed Harold
 10943 | Lair:1   | 10943 ||| Stepping ~*~*~tactically~*~*~ (hiding).
 10954 | Lair:1   | Killed Harold
 11097 | Lair:1   | 11097 ||| INVOKING Fiery Armour.
 11358 | Lair:1   | 11358 ||| READING 7 scrolls of identify.
 11358 | Lair:1   | 11358 ||| IDENTIFYING red potion
 11359 | Lair:1   | 11359 ||| DROPPING potion of brilliance.
 11469 | Lair:2   | Noticed an eight-headed hydra
 11470 | Lair:2   | 11470 ||| INVOKING Fiery Armour.
 11475 | Lair:2   | Killed a ten-headed hydra
 11476 | Lair:2   | Reached skill level 14 in Unarmed Combat
 11541 | Lair:2   | 11541 ||| PLANNING CONVERSION TO OKAWARU
 11541 | Lair:2   | 11541 ||| READING 9 scrolls of teleportation.
 11544 | Lair:2   | 11544 ||| READING 8 scrolls of teleportation.
 11548 | Lair:2   | 11548 ||| READING 7 scrolls of teleportation.
 11552 | Lair:2   | 11552 ||| READING 6 scrolls of teleportation.
 11568 | Lair:2   | Reached XP level 12. HP: 113/113 MP: 12/12
 11568 | Lair:2   | 11568 ||| READING 5 scrolls of teleportation.
 11570 | Lair:2   | Noticed a death yak
 11570 | Lair:2   | Noticed a death yak
 11574 | Lair:2   | 11574 ||| Stepping ~*~*~tactically~*~*~ (outnumbered).
 11577 | Lair:2   | HP: 15/113 [death yak[a torpor snail] (14)]
 11577 | Lair:2   | Killed a death yak
 11578 | Lair:2   | Reached skill level 6 in Fighting
 11578 | Lair:2   | 11578 ||| READING 4 scrolls of teleportation.
 11579 | Lair:2   | 11579 ||| DRINKING 4 potions of heal wounds.
 11597 | Lair:2   | Killed a death yak
 11647 | Lair:2   | 11647 ||| READING 3 scrolls of teleportation.
 11651 | Lair:2   | 11651 ||| READING 2 scrolls of teleportation.
 11656 | Lair:2   | 11656 ||| READING scroll of teleportation.
 11659 | Lair:2   | 11659 ||| Stepping randomly (stuck).
 11660 | Lair:2   | 11660 ||| Stepping randomly (stuck).
 11661 | Lair:2   | 11661 ||| Stepping randomly (stuck).
 11662 | Lair:2   | 11662 ||| Stepping randomly (stuck).
 11663 | Lair:2   | 11663 ||| Stepping randomly (stuck).
 11664 | Lair:2   | 11664 ||| Stepping randomly (stuck).
 11665 | Lair:2   | 11665 ||| Stepping randomly (stuck).
 11666 | Lair:2   | 11666 ||| Stepping randomly (stuck).
 11667 | Lair:2   | 11667 ||| Stepping randomly (stuck).
 11668 | Lair:2   | 11668 ||| Stepping randomly (stuck).
 11669 | Lair:2   | 11669 ||| Stepping randomly (stuck).
 11670 | Lair:2   | 11670 ||| Stepping randomly (stuck).
 11671 | Lair:2   | 11671 ||| Stepping randomly (stuck).
 11672 | Lair:2   | 11672 ||| Stepping randomly (stuck).
 11673 | Lair:2   | 11673 ||| Stepping randomly (stuck).
 11674 | Lair:2   | 11674 ||| Stepping randomly (stuck).
 11675 | Lair:2   | 11675 ||| Stepping randomly (stuck).
 11676 | Lair:2   | 11676 ||| Stepping randomly (stuck).
 11677 | Lair:2   | 11677 ||| Stepping randomly (stuck).
 11678 | Lair:2   | 11678 ||| Stepping randomly (stuck).
 11679 | Lair:2   | 11679 ||| Stepping randomly (stuck).
 11680 | Lair:2   | 11680 ||| Stepping randomly (stuck).
 11681 | Lair:2   | 11681 ||| Stepping randomly (stuck).
 11682 | Lair:2   | 11682 ||| Stepping randomly (stuck).
 11683 | Lair:2   | 11683 ||| Stepping randomly (stuck).
 11684 | Lair:2   | 11684 ||| Stepping randomly (stuck).
 11685 | Lair:2   | 11685 ||| Stepping randomly (stuck).
 11686 | Lair:2   | 11686 ||| Stepping randomly (stuck).
 11687 | Lair:2   | 11687 ||| Stepping randomly (stuck).
 11688 | Lair:2   | 11688 ||| Stepping randomly (stuck).
 11689 | Lair:2   | 11689 ||| Stepping randomly (stuck).
 11691 | Lair:2   | 11691 ||| Stepping randomly (stuck).
 11692 | Lair:2   | 11692 ||| Stepping randomly (stuck).
 11693 | Lair:2   | 11693 ||| Stepping randomly (stuck).
 11694 | Lair:2   | 11694 ||| Stepping randomly (stuck).
 11695 | Lair:2   | 11695 ||| Stepping randomly (stuck).
 11696 | Lair:2   | 11696 ||| Stepping randomly (stuck).
 11697 | Lair:2   | 11697 ||| Stepping randomly (stuck).
 11698 | Lair:2   | 11698 ||| Stepping randomly (stuck).
 11699 | Lair:2   | 11699 ||| Stepping randomly (stuck).
 11700 | Lair:2   | 11700 ||| Stepping randomly (stuck).
 11701 | Lair:2   | 11701 ||| Stepping randomly (stuck).
 11702 | Lair:2   | 11702 ||| Stepping randomly (stuck).
 11703 | Lair:2   | 11703 ||| Stepping randomly (stuck).
 11704 | Lair:2   | 11704 ||| Stepping randomly (stuck).
 11705 | Lair:2   | 11705 ||| Stepping randomly (stuck).
 11706 | Lair:2   | 11706 ||| Stepping randomly (stuck).
 11707 | Lair:2   | 11707 ||| Stepping randomly (stuck).
 11708 | Lair:2   | 11708 ||| Stepping randomly (stuck).
 11709 | Lair:2   | 11709 ||| Stepping randomly (stuck).
 11710 | Lair:2   | 11710 ||| Stepping randomly (stuck).
 11711 | Lair:2   | 11711 ||| Stepping randomly (stuck).
 11712 | Lair:2   | 11712 ||| Stepping randomly (stuck).
 11713 | Lair:2   | 11713 ||| Stepping randomly (stuck).
 11714 | Lair:2   | 11714 ||| Stepping randomly (stuck).
 11715 | Lair:2   | 11715 ||| Stepping randomly (stuck).
 11716 | Lair:2   | 11716 ||| Stepping randomly (stuck).
 11717 | Lair:2   | 11717 ||| Stepping randomly (stuck).
 11718 | Lair:2   | 11718 ||| Stepping randomly (stuck).
 11719 | Lair:2   | 11719 ||| Stepping randomly (stuck).
 11720 | Lair:2   | 11720 ||| Stepping randomly (stuck).
 11721 | Lair:2   | 11721 ||| Stepping randomly (stuck).
 11722 | Lair:2   | 11722 ||| Stepping randomly (stuck).
 11723 | Lair:2   | 11723 ||| Stepping randomly (stuck).
 11724 | Lair:2   | 11724 ||| Stepping randomly (stuck).
 11725 | Lair:2   | 11725 ||| Stepping randomly (stuck).
 11726 | Lair:2   | 11726 ||| Stepping randomly (stuck).
 11727 | Lair:2   | 11727 ||| Stepping randomly (stuck).
 11728 | Lair:2   | 11728 ||| Stepping randomly (stuck).
 11729 | Lair:2   | 11729 ||| Stepping randomly (stuck).
 11730 | Lair:2   | 11730 ||| Stepping randomly (stuck).
 11731 | Lair:2   | 11731 ||| Stepping randomly (stuck).
 11732 | Lair:2   | 11732 ||| Stepping randomly (stuck).
 11733 | Lair:2   | 11733 ||| Stepping randomly (stuck).
 11734 | Lair:2   | 11734 ||| Stepping randomly (stuck).
 11735 | Lair:2   | 11735 ||| Stepping randomly (stuck).
 11736 | Lair:2   | 11736 ||| Stepping randomly (stuck).
 11737 | Lair:2   | 11737 ||| Stepping randomly (stuck).
 11738 | Lair:2   | 11738 ||| Stepping randomly (stuck).
 11739 | Lair:2   | 11739 ||| Stepping randomly (stuck).
 11741 | Lair:2   | 11741 ||| Stepping randomly (stuck).
 11742 | Lair:2   | 11742 ||| Stepping randomly (stuck).
 11743 | Lair:2   | 11743 ||| Stepping randomly (stuck).
 11744 | Lair:2   | 11744 ||| Stepping randomly (stuck).
 11745 | Lair:2   | 11745 ||| Stepping randomly (stuck).
 11746 | Lair:2   | 11746 ||| Stepping randomly (stuck).
 11747 | Lair:2   | 11747 ||| Stepping randomly (stuck).
 11748 | Lair:2   | 11748 ||| Stepping randomly (stuck).
 11749 | Lair:2   | 11749 ||| Stepping randomly (stuck).
 11750 | Lair:2   | 11750 ||| Stepping randomly (stuck).
 11751 | Lair:2   | 11751 ||| Stepping randomly (stuck).
 11752 | Lair:2   | 11752 ||| Stepping randomly (stuck).
 11753 | Lair:2   | 11753 ||| Stepping randomly (stuck).
 11754 | Lair:2   | 11754 ||| Stepping randomly (stuck).
 11755 | Lair:2   | 11755 ||| Stepping randomly (stuck).
 11756 | Lair:2   | 11756 ||| Stepping randomly (stuck).
 11757 | Lair:2   | 11757 ||| Stepping randomly (stuck).
 11758 | Lair:2   | 11758 ||| Stepping randomly (stuck).
 11759 | Lair:2   | 11759 ||| Stepping randomly (stuck).
 11760 | Lair:2   | 11760 ||| Stepping randomly (stuck).
 11761 | Lair:2   | 11761 ||| Stepping randomly (stuck).
 11762 | Lair:2   | 11762 ||| Stepping randomly (stuck).
 11763 | Lair:2   | 11763 ||| Stepping randomly (stuck).
 11764 | Lair:2   | 11764 ||| Stepping randomly (stuck).
 11765 | Lair:2   | 11765 ||| Stepping randomly (stuck).
 11766 | Lair:2   | 11766 ||| Stepping randomly (stuck).
 11767 | Lair:2   | 11767 ||| Stepping randomly (stuck).
 11768 | Lair:2   | 11768 ||| Stepping randomly (stuck).
 11769 | Lair:2   | 11769 ||| Stepping randomly (stuck).
 11770 | Lair:2   | 11770 ||| Stepping randomly (stuck).
 11771 | Lair:2   | 11771 ||| Stepping randomly (stuck).
 11772 | Lair:2   | 11772 ||| Stepping randomly (stuck).
 11773 | Lair:2   | 11773 ||| Stepping randomly (stuck).
 11774 | Lair:2   | 11774 ||| Stepping randomly (stuck).
 11775 | Lair:2   | 11775 ||| Stepping randomly (stuck).
 11776 | Lair:2   | 11776 ||| Stepping randomly (stuck).
 11777 | Lair:2   | 11777 ||| Stepping randomly (stuck).
 11778 | Lair:2   | 11778 ||| Stepping randomly (stuck).
 11779 | Lair:2   | 11779 ||| Stepping randomly (stuck).
 11780 | Lair:2   | 11780 ||| Stepping randomly (stuck).
 11781 | Lair:2   | 11781 ||| Stepping randomly (stuck).
 11782 | Lair:2   | 11782 ||| Stepping randomly (stuck).
 11783 | Lair:2   | 11783 ||| Stepping randomly (stuck).
 11784 | Lair:2   | 11784 ||| Stepping randomly (stuck).
 11785 | Lair:2   | 11785 ||| Stepping randomly (stuck).
 11786 | Lair:2   | 11786 ||| Stepping randomly (stuck).
 11787 | Lair:2   | 11787 ||| Stepping randomly (stuck).
 11788 | Lair:2   | 11788 ||| Stepping randomly (stuck).
 11789 | Lair:2   | 11789 ||| Stepping randomly (stuck).
 11790 | Lair:2   | 11790 ||| Stepping randomly (stuck).
 11791 | Lair:2   | 11791 ||| Stepping randomly (stuck).
 11792 | Lair:2   | 11792 ||| Stepping randomly (stuck).
 11793 | Lair:2   | 11793 ||| Stepping randomly (stuck).
 11794 | Lair:2   | 11794 ||| Stepping randomly (stuck).
 11795 | Lair:2   | 11795 ||| Stepping randomly (stuck).
 11796 | Lair:2   | 11796 ||| Stepping randomly (stuck).
 11797 | Lair:2   | 11797 ||| Stepping randomly (stuck).
 11798 | Lair:2   | 11798 ||| Stepping randomly (stuck).
 11799 | Lair:2   | 11799 ||| Stepping randomly (stuck).
 11800 | Lair:2   | 11800 ||| Stepping randomly (stuck).
 11801 | Lair:2   | 11801 ||| Stepping randomly (stuck).
 11802 | Lair:2   | 11802 ||| Stepping randomly (stuck).
 11803 | Lair:2   | 11803 ||| Stepping randomly (stuck).
 11804 | Lair:2   | 11804 ||| Stepping randomly (stuck).
 11805 | Lair:2   | 11805 ||| Stepping randomly (stuck).
 11806 | Lair:2   | 11806 ||| Stepping randomly (stuck).
 11807 | Lair:2   | 11807 ||| Stepping randomly (stuck).
 11808 | Lair:2   | 11808 ||| Stepping randomly (stuck).
 11809 | Lair:2   | 11809 ||| Stepping randomly (stuck).
 11810 | Lair:2   | 11810 ||| Stepping randomly (stuck).
 11811 | Lair:2   | 11811 ||| Stepping randomly (stuck).
 11812 | Lair:2   | 11812 ||| Stepping randomly (stuck).
 11813 | Lair:2   | 11813 ||| Stepping randomly (stuck).
 11814 | Lair:2   | 11814 ||| Stepping randomly (stuck).
 11815 | Lair:2   | 11815 ||| Stepping randomly (stuck).
 11816 | Lair:2   | 11816 ||| Stepping randomly (stuck).
 11817 | Lair:2   | 11817 ||| Stepping randomly (stuck).
 11818 | Lair:2   | 11818 ||| Stepping randomly (stuck).
 11819 | Lair:2   | 11819 ||| Stepping randomly (stuck).
 11820 | Lair:2   | 11820 ||| Stepping randomly (stuck).
 11821 | Lair:2   | 11821 ||| Stepping randomly (stuck).
 11822 | Lair:2   | 11822 ||| Stepping randomly (stuck).
 11823 | Lair:2   | 11823 ||| Stepping randomly (stuck).
 11824 | Lair:2   | 11824 ||| Stepping randomly (stuck).
 11825 | Lair:2   | 11825 ||| Stepping randomly (stuck).
 11826 | Lair:2   | 11826 ||| Stepping randomly (stuck).
 11827 | Lair:2   | 11827 ||| Stepping randomly (stuck).
 11828 | Lair:2   | 11828 ||| Stepping randomly (stuck).
 11829 | Lair:2   | 11829 ||| Stepping randomly (stuck).
 11830 | Lair:2   | 11830 ||| Stepping randomly (stuck).
 11831 | Lair:2   | 11831 ||| Stepping randomly (stuck).
 11832 | Lair:2   | 11832 ||| Stepping randomly (stuck).
 11833 | Lair:2   | 11833 ||| Stepping randomly (stuck).
 11834 | Lair:2   | 11834 ||| Stepping randomly (stuck).
 11835 | Lair:2   | 11835 ||| Stepping randomly (stuck).
 11836 | Lair:2   | 11836 ||| Stepping randomly (stuck).
 11837 | Lair:2   | 11837 ||| Stepping randomly (stuck).
 11838 | Lair:2   | 11838 ||| Stepping randomly (stuck).
 11839 | Lair:2   | 11839 ||| Stepping randomly (stuck).
 11840 | Lair:2   | 11840 ||| Stepping randomly (stuck).
 11841 | Lair:2   | 11841 ||| Stepping randomly (stuck).
 11842 | Lair:2   | 11842 ||| Stepping randomly (stuck).
 11843 | Lair:2   | 11843 ||| Stepping randomly (stuck).
 11844 | Lair:2   | 11844 ||| Stepping randomly (stuck).
 11845 | Lair:2   | 11845 ||| Stepping randomly (stuck).
 11846 | Lair:2   | 11846 ||| Stepping randomly (stuck).
 11847 | Lair:2   | 11847 ||| Stepping randomly (stuck).
 11848 | Lair:2   | 11848 ||| Stepping randomly (stuck).
 11849 | Lair:2   | 11849 ||| Stepping randomly (stuck).
 11850 | Lair:2   | 11850 ||| Stepping randomly (stuck).
 11851 | Lair:2   | 11851 ||| Stepping randomly (stuck).
 11852 | Lair:2   | 11852 ||| Stepping randomly (stuck).
 11853 | Lair:2   | 11853 ||| Stepping randomly (stuck).
 11854 | Lair:2   | 11854 ||| Stepping randomly (stuck).
 11855 | Lair:2   | 11855 ||| Stepping randomly (stuck).
 11856 | Lair:2   | 11856 ||| Stepping randomly (stuck).
 11857 | Lair:2   | 11857 ||| Stepping randomly (stuck).
 11858 | Lair:2   | 11858 ||| Stepping randomly (stuck).
 11859 | Lair:2   | 11859 ||| Stepping randomly (stuck).
 11860 | Lair:2   | 11860 ||| Stepping randomly (stuck).
 11861 | Lair:2   | 11861 ||| Stepping randomly (stuck).
 11862 | Lair:2   | 11862 ||| Stepping randomly (stuck).
 11863 | Lair:2   | 11863 ||| Stepping randomly (stuck).
 11864 | Lair:2   | 11864 ||| Stepping randomly (stuck).
 11865 | Lair:2   | 11865 ||| Stepping randomly (stuck).
 11866 | Lair:2   | 11866 ||| Stepping randomly (stuck).
 11867 | Lair:2   | 11867 ||| Stepping randomly (stuck).
 11868 | Lair:2   | 11868 ||| Stepping randomly (stuck).
 11869 | Lair:2   | 11869 ||| Stepping randomly (stuck).
 11870 | Lair:2   | 11870 ||| Stepping randomly (stuck).
 11871 | Lair:2   | 11871 ||| Stepping randomly (stuck).
 11872 | Lair:2   | 11872 ||| Stepping randomly (stuck).
 11873 | Lair:2   | 11873 ||| Stepping randomly (stuck).
 11874 | Lair:2   | 11874 ||| Stepping randomly (stuck).
 11875 | Lair:2   | 11875 ||| Stepping randomly (stuck).
 11876 | Lair:2   | 11876 ||| Stepping randomly (stuck).
 11877 | Lair:2   | 11877 ||| Stepping randomly (stuck).
 11878 | Lair:2   | 11878 ||| Stepping randomly (stuck).
 11879 | Lair:2   | 11879 ||| Stepping randomly (stuck).
 11880 | Lair:2   | 11880 ||| Stepping randomly (stuck).
 11881 | Lair:2   | 11881 ||| Stepping randomly (stuck).
 11882 | Lair:2   | 11882 ||| Stepping randomly (stuck).
 11883 | Lair:2   | 11883 ||| Stepping randomly (stuck).
 11883 | Lair:2   | Found a staircase to the Shoals.
 11884 | Lair:2   | 11884 ||| Stepping randomly (stuck).
 11885 | Lair:2   | 11885 ||| Stepping randomly (stuck).
 11886 | Lair:2   | 11886 ||| Stepping randomly (stuck).
 11887 | Lair:2   | 11887 ||| Stepping randomly (stuck).
 11888 | Lair:2   | 11888 ||| Stepping randomly (stuck).
 11889 | Lair:2   | 11889 ||| Stepping randomly (stuck).
 11890 | Lair:2   | 11890 ||| Stepping randomly (stuck).
 11891 | Lair:2   | 11891 ||| Stepping randomly (stuck).
 11892 | Lair:2   | 11892 ||| Stepping randomly (stuck).
 11893 | Lair:2   | 11893 ||| Stepping randomly (stuck).
 11894 | Lair:2   | 11894 ||| Stepping randomly (stuck).
 11895 | Lair:2   | 11895 ||| Stepping randomly (stuck).
 11896 | Lair:2   | 11896 ||| Stepping randomly (stuck).
 11897 | Lair:2   | 11897 ||| Stepping randomly (stuck).
 11898 | Lair:2   | 11898 ||| Stepping randomly (stuck).
 11899 | Lair:2   | 11899 ||| Stepping randomly (stuck).
 11900 | Lair:2   | 11900 ||| Stepping randomly (stuck).
 11901 | Lair:2   | 11901 ||| Stepping randomly (stuck).
 11902 | Lair:2   | 11902 ||| Stepping randomly (stuck).
 11903 | Lair:2   | 11903 ||| Stepping randomly (stuck).
 11904 | Lair:2   | 11904 ||| Stepping randomly (stuck).
 11905 | Lair:2   | 11905 ||| Stepping randomly (stuck).
 11906 | Lair:2   | 11906 ||| Stepping randomly (stuck).
 11907 | Lair:2   | 11907 ||| Stepping randomly (stuck).
 11908 | Lair:2   | 11908 ||| Stepping randomly (stuck).
 11909 | Lair:2   | 11909 ||| Stepping randomly (stuck).
 11910 | Lair:2   | 11910 ||| Stepping randomly (stuck).
 11911 | Lair:2   | 11911 ||| Stepping randomly (stuck).
 11912 | Lair:2   | 11912 ||| Stepping randomly (stuck).
 11913 | Lair:2   | 11913 ||| Stepping randomly (stuck).
 11914 | Lair:2   | 11914 ||| Stepping randomly (stuck).
 11915 | Lair:2   | 11915 ||| Stepping randomly (stuck).
 11916 | Lair:2   | 11916 ||| Stepping randomly (stuck).
 11917 | Lair:2   | 11917 ||| Stepping randomly (stuck).
 11918 | Lair:2   | 11918 ||| Stepping randomly (stuck).
 11919 | Lair:2   | 11919 ||| Stepping randomly (stuck).
 11920 | Lair:2   | 11920 ||| Stepping randomly (stuck).
 11921 | Lair:2   | 11921 ||| Stepping randomly (stuck).
 11922 | Lair:2   | 11922 ||| Stepping randomly (stuck).
 11923 | Lair:2   | 11923 ||| Stepping randomly (stuck).
 11924 | Lair:2   | 11924 ||| Stepping randomly (stuck).
 11925 | Lair:2   | 11925 ||| Stepping randomly (stuck).
 11926 | Lair:2   | 11926 ||| Stepping randomly (stuck).
 11927 | Lair:2   | 11927 ||| Stepping randomly (stuck).
 11928 | Lair:2   | 11928 ||| Stepping randomly (stuck).
 11929 | Lair:2   | 11929 ||| Stepping randomly (stuck).
 11930 | Lair:2   | 11930 ||| Stepping randomly (stuck).
 11931 | Lair:2   | 11931 ||| Stepping randomly (stuck).
 11932 | Lair:2   | 11932 ||| Stepping randomly (stuck).
 11933 | Lair:2   | 11933 ||| Stepping randomly (stuck).
 11934 | Lair:2   | 11934 ||| Stepping randomly (stuck).
 11935 | Lair:2   | 11935 ||| Stepping randomly (stuck).
 11936 | Lair:2   | 11936 ||| Stepping randomly (stuck).
 11937 | Lair:2   | 11937 ||| Stepping randomly (stuck).
 11938 | Lair:2   | 11938 ||| Stepping randomly (stuck).
 11939 | Lair:2   | 11939 ||| Stepping randomly (stuck).
 11940 | Lair:2   | 11940 ||| Stepping randomly (stuck).
 11941 | Lair:2   | 11941 ||| Stepping randomly (stuck).
 11942 | Lair:2   | 11942 ||| Stepping randomly (stuck).
 11943 | Lair:2   | 11943 ||| Stepping randomly (stuck).
 11944 | Lair:2   | 11944 ||| Stepping randomly (stuck).
 11945 | Lair:2   | 11945 ||| Stepping randomly (stuck).
 11946 | Lair:2   | 11946 ||| Stepping randomly (stuck).
 11947 | Lair:2   | 11947 ||| Stepping randomly (stuck).
 11948 | Lair:2   | 11948 ||| Stepping randomly (stuck).
 11949 | Lair:2   | 11949 ||| Stepping randomly (stuck).
 11950 | Lair:2   | 11950 ||| Stepping randomly (stuck).
 11951 | Lair:2   | 11951 ||| Stepping randomly (stuck).
 11952 | Lair:2   | 11952 ||| Stepping randomly (stuck).
 11953 | Lair:2   | 11953 ||| Stepping randomly (stuck).
 11954 | Lair:2   | 11954 ||| Stepping randomly (stuck).
 11955 | Lair:2   | 11955 ||| Stepping randomly (stuck).
 11956 | Lair:2   | 11956 ||| Stepping randomly (stuck).
 11957 | Lair:2   | 11957 ||| Stepping randomly (stuck).
 11958 | Lair:2   | 11958 ||| Stepping randomly (stuck).
 11959 | Lair:2   | 11959 ||| Stepping randomly (stuck).
 11960 | Lair:2   | 11960 ||| Stepping randomly (stuck).
 11961 | Lair:2   | 11961 ||| Stepping randomly (stuck).
 11962 | Lair:2   | 11962 ||| Stepping randomly (stuck).
 11963 | Lair:2   | 11963 ||| Stepping randomly (stuck).
 11964 | Lair:2   | 11964 ||| Stepping randomly (stuck).
 11965 | Lair:2   | 11965 ||| Stepping randomly (stuck).
 11966 | Lair:2   | 11966 ||| Stepping randomly (stuck).
 11967 | Lair:2   | 11967 ||| Stepping randomly (stuck).
 11968 | Lair:2   | 11968 ||| Stepping randomly (stuck).
 11969 | Lair:2   | 11969 ||| Stepping randomly (stuck).
 11970 | Lair:2   | 11970 ||| Stepping randomly (stuck).
 11971 | Lair:2   | 11971 ||| Stepping randomly (stuck).
 11972 | Lair:2   | 11972 ||| Stepping randomly (stuck).
 11973 | Lair:2   | 11973 ||| Stepping randomly (stuck).
 11974 | Lair:2   | 11974 ||| Stepping randomly (stuck).
 11975 | Lair:2   | 11975 ||| Stepping randomly (stuck).
 11976 | Lair:2   | 11976 ||| Stepping randomly (stuck).
 11977 | Lair:2   | 11977 ||| Stepping randomly (stuck).
 11978 | Lair:2   | 11978 ||| Stepping randomly (stuck).
 11979 | Lair:2   | 11979 ||| Stepping randomly (stuck).
 11980 | Lair:2   | 11980 ||| Stepping randomly (stuck).
 11981 | Lair:2   | 11981 ||| Stepping randomly (stuck).
 11982 | Lair:2   | 11982 ||| Stepping randomly (stuck).
 11983 | Lair:2   | 11983 ||| Stepping randomly (stuck).
 11984 | Lair:2   | 11984 ||| Stepping randomly (stuck).
 11985 | Lair:2   | 11985 ||| Stepping randomly (stuck).
 11986 | Lair:2   | 11986 ||| Stepping randomly (stuck).
 11987 | Lair:2   | 11987 ||| Stepping randomly (stuck).
 11988 | Lair:2   | 11988 ||| Stepping randomly (stuck).
 11989 | Lair:2   | 11989 ||| Stepping randomly (stuck).
 11990 | Lair:2   | 11990 ||| Stepping randomly (stuck).
 11991 | Lair:2   | 11991 ||| Stepping randomly (stuck).
 11992 | Lair:2   | 11992 ||| Stepping randomly (stuck).
 11993 | Lair:2   | 11993 ||| Stepping randomly (stuck).
 11994 | Lair:2   | 11994 ||| Stepping randomly (stuck).
 11995 | Lair:2   | 11995 ||| Stepping randomly (stuck).
 11996 | Lair:2   | 11996 ||| Stepping randomly (stuck).
 11997 | Lair:2   | 11997 ||| Stepping randomly (stuck).
 11998 | Lair:2   | 11998 ||| Stepping randomly (stuck).
 11999 | Lair:2   | 11999 ||| Stepping randomly (stuck).
 12000 | Lair:2   | 12000 ||| Stepping randomly (stuck).
 12001 | Lair:2   | 12001 ||| Stepping randomly (stuck).
 12002 | Lair:2   | 12002 ||| Stepping randomly (stuck).
 12003 | Lair:2   | 12003 ||| Stepping randomly (stuck).
 12004 | Lair:2   | 12004 ||| Stepping randomly (stuck).
 12005 | Lair:2   | 12005 ||| Stepping randomly (stuck).
 12006 | Lair:2   | 12006 ||| Stepping randomly (stuck).
 12007 | Lair:2   | 12007 ||| Stepping randomly (stuck).
 12008 | Lair:2   | 12008 ||| Stepping randomly (stuck).
 12009 | Lair:2   | 12009 ||| Stepping randomly (stuck).
 12010 | Lair:2   | 12010 ||| Stepping randomly (stuck).
 12011 | Lair:2   | 12011 ||| Stepping randomly (stuck).
 12012 | Lair:2   | 12012 ||| Stepping randomly (stuck).
 12013 | Lair:2   | 12013 ||| Stepping randomly (stuck).
 12014 | Lair:2   | 12014 ||| Stepping randomly (stuck).
 12015 | Lair:2   | 12015 ||| Stepping randomly (stuck).
 12016 | Lair:2   | 12016 ||| Stepping randomly (stuck).
 12017 | Lair:2   | 12017 ||| Stepping randomly (stuck).
 12018 | Lair:2   | 12018 ||| Stepping randomly (stuck).
 12019 | Lair:2   | 12019 ||| Stepping randomly (stuck).
 12020 | Lair:2   | 12020 ||| Stepping randomly (stuck).
 12021 | Lair:2   | 12021 ||| Stepping randomly (stuck).
 12022 | Lair:2   | 12022 ||| Stepping randomly (stuck).
 12023 | Lair:2   | 12023 ||| Stepping randomly (stuck).
 12024 | Lair:2   | 12024 ||| Stepping randomly (stuck).
 12025 | Lair:2   | 12025 ||| Stepping randomly (stuck).
 12026 | Lair:2   | 12026 ||| Stepping randomly (stuck).
 12027 | Lair:2   | 12027 ||| Stepping randomly (stuck).
 12028 | Lair:2   | 12028 ||| Stepping randomly (stuck).
 12029 | Lair:2   | 12029 ||| Stepping randomly (stuck).
 12030 | Lair:2   | 12030 ||| Stepping randomly (stuck).
 12031 | Lair:2   | 12031 ||| Stepping randomly (stuck).
 12032 | Lair:2   | 12032 ||| Stepping randomly (stuck).
 12033 | Lair:2   | 12033 ||| Stepping randomly (stuck).
 12034 | Lair:2   | 12034 ||| Stepping randomly (stuck).
 12035 | Lair:2   | 12035 ||| Stepping randomly (stuck).
 12036 | Lair:2   | 12036 ||| Stepping randomly (stuck).
 12037 | Lair:2   | 12037 ||| Stepping randomly (stuck).
 12038 | Lair:2   | 12038 ||| Stepping randomly (stuck).
 12039 | Lair:2   | 12039 ||| Stepping randomly (stuck).
 12040 | Lair:2   | 12040 ||| Stepping randomly (stuck).
 12041 | Lair:2   | 12041 ||| Stepping randomly (stuck).
 12042 | Lair:2   | 12042 ||| Stepping randomly (stuck).
 12043 | Lair:2   | 12043 ||| Stepping randomly (stuck).
 12044 | Lair:2   | 12044 ||| Stepping randomly (stuck).
 12045 | Lair:2   | 12045 ||| Stepping randomly (stuck).
 12046 | Lair:2   | 12046 ||| Stepping randomly (stuck).
 12047 | Lair:2   | 12047 ||| Stepping randomly (stuck).
 12048 | Lair:2   | 12048 ||| Stepping randomly (stuck).
 12049 | Lair:2   | 12049 ||| Stepping randomly (stuck).
 12050 | Lair:2   | 12050 ||| Stepping randomly (stuck).
 12051 | Lair:2   | 12051 ||| Stepping randomly (stuck).
 12052 | Lair:2   | 12052 ||| Stepping randomly (stuck).
 12053 | Lair:2   | 12053 ||| Stepping randomly (stuck).
 12054 | Lair:2   | 12054 ||| Stepping randomly (stuck).
 12055 | Lair:2   | 12055 ||| Stepping randomly (stuck).
 12056 | Lair:2   | 12056 ||| Stepping randomly (stuck).
 12057 | Lair:2   | 12057 ||| Stepping randomly (stuck).
 12058 | Lair:2   | 12058 ||| Stepping randomly (stuck).
 12059 | Lair:2   | 12059 ||| Stepping randomly (stuck).
 12060 | Lair:2   | 12060 ||| Stepping randomly (stuck).
 12061 | Lair:2   | 12061 ||| Stepping randomly (stuck).
 12062 | Lair:2   | 12062 ||| Stepping randomly (stuck).
 12063 | Lair:2   | 12063 ||| Stepping randomly (stuck).
 12064 | Lair:2   | 12064 ||| Stepping randomly (stuck).
 12065 | Lair:2   | 12065 ||| Stepping randomly (stuck).
 12066 | Lair:2   | 12066 ||| Stepping randomly (stuck).
 12067 | Lair:2   | 12067 ||| Stepping randomly (stuck).
 12068 | Lair:2   | 12068 ||| Stepping randomly (stuck).
 12069 | Lair:2   | 12069 ||| Stepping randomly (stuck).
 12070 | Lair:2   | 12070 ||| Stepping randomly (stuck).
 12071 | Lair:2   | 12071 ||| Stepping randomly (stuck).
 12072 | Lair:2   | 12072 ||| Stepping randomly (stuck).
 12073 | Lair:2   | 12073 ||| Stepping randomly (stuck).
 12074 | Lair:2   | 12074 ||| Stepping randomly (stuck).
 12075 | Lair:2   | 12075 ||| Stepping randomly (stuck).
 12076 | Lair:2   | 12076 ||| Stepping randomly (stuck).
 12077 | Lair:2   | 12077 ||| Stepping randomly (stuck).
 12078 | Lair:2   | 12078 ||| Stepping randomly (stuck).
 12079 | Lair:2   | 12079 ||| Stepping randomly (stuck).
 12080 | Lair:2   | 12080 ||| Stepping randomly (stuck).
 12081 | Lair:2   | 12081 ||| Stepping randomly (stuck).
 12082 | Lair:2   | 12082 ||| Stepping randomly (stuck).
 12083 | Lair:2   | 12083 ||| Stepping randomly (stuck).
 12084 | Lair:2   | 12084 ||| Stepping randomly (stuck).
 12085 | Lair:2   | 12085 ||| Stepping randomly (stuck).
 12086 | Lair:2   | 12086 ||| Stepping randomly (stuck).
 12087 | Lair:2   | 12087 ||| Stepping randomly (stuck).
 12088 | Lair:2   | 12088 ||| Stepping randomly (stuck).
 12089 | Lair:2   | 12089 ||| Stepping randomly (stuck).
 12090 | Lair:2   | 12090 ||| Stepping randomly (stuck).
 12091 | Lair:2   | 12091 ||| Stepping randomly (stuck).
 12092 | Lair:2   | 12092 ||| Stepping randomly (stuck).
 12093 | Lair:2   | 12093 ||| Stepping randomly (stuck).
 12094 | Lair:2   | 12094 ||| Stepping randomly (stuck).
 12095 | Lair:2   | 12095 ||| Stepping randomly (stuck).
 12096 | Lair:2   | 12096 ||| Stepping randomly (stuck).
 12097 | Lair:2   | 12097 ||| Stepping randomly (stuck).
 12098 | Lair:2   | 12098 ||| Stepping randomly (stuck).
 12099 | Lair:2   | 12099 ||| Stepping randomly (stuck).
 12100 | Lair:2   | 12100 ||| Stepping randomly (stuck).
 12101 | Lair:2   | 12101 ||| Stepping randomly (stuck).
 12102 | Lair:2   | 12102 ||| Stepping randomly (stuck).
 12103 | Lair:2   | 12103 ||| Stepping randomly (stuck).
 12104 | Lair:2   | 12104 ||| Stepping randomly (stuck).
 12105 | Lair:2   | 12105 ||| Stepping randomly (stuck).
 12106 | Lair:2   | 12106 ||| Stepping randomly (stuck).
 12107 | Lair:2   | 12107 ||| Stepping randomly (stuck).
 12108 | Lair:2   | 12108 ||| Stepping randomly (stuck).
 12109 | Lair:2   | 12109 ||| Stepping randomly (stuck).
 12110 | Lair:2   | 12110 ||| Stepping randomly (stuck).
 12111 | Lair:2   | 12111 ||| Stepping randomly (stuck).
 12112 | Lair:2   | 12112 ||| Stepping randomly (stuck).
 12113 | Lair:2   | 12113 ||| Stepping randomly (stuck).
 12114 | Lair:2   | 12114 ||| Stepping randomly (stuck).
 12115 | Lair:2   | 12115 ||| Stepping randomly (stuck).
 12116 | Lair:2   | 12116 ||| Stepping randomly (stuck).
 12117 | Lair:2   | 12117 ||| Stepping randomly (stuck).
 12118 | Lair:2   | 12118 ||| Stepping randomly (stuck).
 12119 | Lair:2   | 12119 ||| Stepping randomly (stuck).
 12120 | Lair:2   | 12120 ||| Stepping randomly (stuck).
 12121 | Lair:2   | 12121 ||| Stepping randomly (stuck).
 12122 | Lair:2   | 12122 ||| Stepping randomly (stuck).
 12123 | Lair:2   | 12123 ||| Stepping randomly (stuck).
 12124 | Lair:2   | 12124 ||| Stepping randomly (stuck).
 12125 | Lair:2   | 12125 ||| Stepping randomly (stuck).
 12126 | Lair:2   | 12126 ||| Stepping randomly (stuck).
 12127 | Lair:2   | 12127 ||| Stepping randomly (stuck).
 12128 | Lair:2   | 12128 ||| Stepping randomly (stuck).
 12129 | Lair:2   | 12129 ||| Stepping randomly (stuck).
 12130 | Lair:2   | 12130 ||| Stepping randomly (stuck).
 12131 | Lair:2   | 12131 ||| Stepping randomly (stuck).
 12132 | Lair:2   | 12132 ||| Stepping randomly (stuck).
 12133 | Lair:2   | 12133 ||| Stepping randomly (stuck).
 12134 | Lair:2   | 12134 ||| Stepping randomly (stuck).
 12135 | Lair:2   | 12135 ||| Stepping randomly (stuck).
 12136 | Lair:2   | 12136 ||| Stepping randomly (stuck).
 12137 | Lair:2   | 12137 ||| Stepping randomly (stuck).
 12138 | Lair:2   | 12138 ||| Stepping randomly (stuck).
 12139 | Lair:2   | 12139 ||| Stepping randomly (stuck).
 12140 | Lair:2   | 12140 ||| Stepping randomly (stuck).
 12141 | Lair:2   | 12141 ||| Stepping randomly (stuck).
 12142 | Lair:2   | 12142 ||| Stepping randomly (stuck).
 12143 | Lair:2   | 12143 ||| Stepping randomly (stuck).
 12144 | Lair:2   | 12144 ||| Stepping randomly (stuck).
 12145 | Lair:2   | 12145 ||| Stepping randomly (stuck).
 12146 | Lair:2   | 12146 ||| Stepping randomly (stuck).
 12147 | Lair:2   | 12147 ||| Stepping randomly (stuck).
 12148 | Lair:2   | 12148 ||| Stepping randomly (stuck).
 12149 | Lair:2   | 12149 ||| Stepping randomly (stuck).
 12150 | Lair:2   | 12150 ||| Stepping randomly (stuck).
 12151 | Lair:2   | 12151 ||| Stepping randomly (stuck).
 12152 | Lair:2   | 12152 ||| Stepping randomly (stuck).
 12153 | Lair:2   | 12153 ||| Stepping randomly (stuck).
 12154 | Lair:2   | 12154 ||| Stepping randomly (stuck).
 12155 | Lair:2   | 12155 ||| Stepping randomly (stuck).
 12156 | Lair:2   | 12156 ||| Stepping randomly (stuck).
 12157 | Lair:2   | 12157 ||| Stepping randomly (stuck).
 12158 | Lair:2   | 12158 ||| Stepping randomly (stuck).
 12159 | Lair:2   | 12159 ||| Stepping randomly (stuck).
 12160 | Lair:2   | 12160 ||| Stepping randomly (stuck).
 12161 | Lair:2   | 12161 ||| Stepping randomly (stuck).
 12162 | Lair:2   | 12162 ||| Stepping randomly (stuck).
 12163 | Lair:2   | 12163 ||| Stepping randomly (stuck).
 12164 | Lair:2   | 12164 ||| Stepping randomly (stuck).
 12165 | Lair:2   | 12165 ||| Stepping randomly (stuck).
 12166 | Lair:2   | 12166 ||| Stepping randomly (stuck).
 12167 | Lair:2   | 12167 ||| Stepping randomly (stuck).
 12168 | Lair:2   | 12168 ||| Stepping randomly (stuck).
 12169 | Lair:2   | 12169 ||| Stepping randomly (stuck).
 12170 | Lair:2   | 12170 ||| Stepping randomly (stuck).
 12171 | Lair:2   | 12171 ||| Stepping randomly (stuck).
 12172 | Lair:2   | 12172 ||| Stepping randomly (stuck).
 12173 | Lair:2   | 12173 ||| Stepping randomly (stuck).
 12174 | Lair:2   | 12174 ||| Stepping randomly (stuck).
 12175 | Lair:2   | 12175 ||| Stepping randomly (stuck).
 12176 | Lair:2   | 12176 ||| Stepping randomly (stuck).
 12177 | Lair:2   | 12177 ||| Stepping randomly (stuck).
 12178 | Lair:2   | 12178 ||| Stepping randomly (stuck).
 12179 | Lair:2   | 12179 ||| Stepping randomly (stuck).
 12180 | Lair:2   | 12180 ||| Stepping randomly (stuck).
 12181 | Lair:2   | 12181 ||| Stepping randomly (stuck).
 12182 | Lair:2   | 12182 ||| Stepping randomly (stuck).
 12183 | Lair:2   | 12183 ||| Stepping randomly (stuck).
 12184 | Lair:2   | 12184 ||| Stepping randomly (stuck).
 12185 | Lair:2   | 12185 ||| Stepping randomly (stuck).
 12186 | Lair:2   | 12186 ||| Stepping randomly (stuck).
 12187 | Lair:2   | 12187 ||| Stepping randomly (stuck).
 12188 | Lair:2   | 12188 ||| Stepping randomly (stuck).
 12189 | Lair:2   | 12189 ||| Stepping randomly (stuck).
 12190 | Lair:2   | 12190 ||| Stepping randomly (stuck).
 12191 | Lair:2   | 12191 ||| Stepping randomly (stuck).
 12192 | Lair:2   | 12192 ||| Stepping randomly (stuck).
 12193 | Lair:2   | 12193 ||| Stepping randomly (stuck).
 12194 | Lair:2   | 12194 ||| Stepping randomly (stuck).
 12195 | Lair:2   | 12195 ||| Stepping randomly (stuck).
 12196 | Lair:2   | 12196 ||| Stepping randomly (stuck).
 12197 | Lair:2   | 12197 ||| Stepping randomly (stuck).
 12198 | Lair:2   | 12198 ||| Stepping randomly (stuck).
 12199 | Lair:2   | 12199 ||| Stepping randomly (stuck).
 12200 | Lair:2   | 12200 ||| Stepping randomly (stuck).
 12201 | Lair:2   | 12201 ||| Stepping randomly (stuck).
 12202 | Lair:2   | 12202 ||| Stepping randomly (stuck).
 12203 | Lair:2   | 12203 ||| Stepping randomly (stuck).
 12204 | Lair:2   | 12204 ||| Stepping randomly (stuck).
 12205 | Lair:2   | 12205 ||| Stepping randomly (stuck).
 12206 | Lair:2   | 12206 ||| Stepping randomly (stuck).
 12207 | Lair:2   | 12207 ||| Stepping randomly (stuck).
 12208 | Lair:2   | 12208 ||| Stepping randomly (stuck).
 12209 | Lair:2   | 12209 ||| Stepping randomly (stuck).
 12210 | Lair:2   | 12210 ||| Stepping randomly (stuck).
 12211 | Lair:2   | 12211 ||| Stepping randomly (stuck).
 12212 | Lair:2   | 12212 ||| Stepping randomly (stuck).
 12213 | Lair:2   | 12213 ||| Stepping randomly (stuck).
 12214 | Lair:2   | 12214 ||| Stepping randomly (stuck).
 12215 | Lair:2   | 12215 ||| Stepping randomly (stuck).
 12216 | Lair:2   | 12216 ||| Stepping randomly (stuck).
 12217 | Lair:2   | 12217 ||| Stepping randomly (stuck).
 12218 | Lair:2   | 12218 ||| Stepping randomly (stuck).
 12219 | Lair:2   | 12219 ||| Stepping randomly (stuck).
 12220 | Lair:2   | 12220 ||| Stepping randomly (stuck).
 12221 | Lair:2   | 12221 ||| Stepping randomly (stuck).
 12222 | Lair:2   | 12222 ||| Stepping randomly (stuck).
 12223 | Lair:2   | 12223 ||| Stepping randomly (stuck).
 12224 | Lair:2   | 12224 ||| Stepping randomly (stuck).
 12225 | Lair:2   | 12225 ||| Stepping randomly (stuck).
 12226 | Lair:2   | 12226 ||| Stepping randomly (stuck).
 12227 | Lair:2   | 12227 ||| Stepping randomly (stuck).
 12228 | Lair:2   | 12228 ||| Stepping randomly (stuck).
 12229 | Lair:2   | 12229 ||| Stepping randomly (stuck).
 12230 | Lair:2   | 12230 ||| Stepping randomly (stuck).
 12231 | Lair:2   | 12231 ||| Stepping randomly (stuck).
 12232 | Lair:2   | 12232 ||| Stepping randomly (stuck).
 12233 | Lair:2   | 12233 ||| Stepping randomly (stuck).
 12234 | Lair:2   | 12234 ||| Stepping randomly (stuck).
 12235 | Lair:2   | 12235 ||| Stepping randomly (stuck).
 12236 | Lair:2   | 12236 ||| Stepping randomly (stuck).
 12237 | Lair:2   | 12237 ||| Stepping randomly (stuck).
 12238 | Lair:2   | 12238 ||| Stepping randomly (stuck).
 12239 | Lair:2   | 12239 ||| Stepping randomly (stuck).
 12240 | Lair:2   | 12240 ||| Stepping randomly (stuck).
 12241 | Lair:2   | 12241 ||| Stepping randomly (stuck).
 12242 | Lair:2   | 12242 ||| Stepping randomly (stuck).
 12243 | Lair:2   | 12243 ||| Stepping randomly (stuck).
 12244 | Lair:2   | 12244 ||| Stepping randomly (stuck).
 12245 | Lair:2   | 12245 ||| Stepping randomly (stuck).
 12246 | Lair:2   | 12246 ||| Stepping randomly (stuck).
 12247 | Lair:2   | 12247 ||| Stepping randomly (stuck).
 12248 | Lair:2   | 12248 ||| Stepping randomly (stuck).
 12249 | Lair:2   | 12249 ||| Stepping randomly (stuck).
 12251 | Lair:2   | 12251 ||| Stepping randomly (stuck).
 12252 | Lair:2   | 12252 ||| Stepping randomly (stuck).
 12253 | Lair:2   | 12253 ||| Stepping randomly (stuck).
 12254 | Lair:2   | 12254 ||| Stepping randomly (stuck).
 12255 | Lair:2   | 12255 ||| Stepping randomly (stuck).
 12256 | Lair:2   | 12256 ||| Stepping randomly (stuck).
 12257 | Lair:2   | 12257 ||| Stepping randomly (stuck).
 12258 | Lair:2   | 12258 ||| Stepping randomly (stuck).
 12259 | Lair:2   | 12259 ||| Stepping randomly (stuck).
 12260 | Lair:2   | 12260 ||| Stepping randomly (stuck).
 12261 | Lair:2   | 12261 ||| Stepping randomly (stuck).
 12262 | Lair:2   | 12262 ||| Stepping randomly (stuck).
 12263 | Lair:2   | 12263 ||| Stepping randomly (stuck).
 12264 | Lair:2   | 12264 ||| Stepping randomly (stuck).
 12265 | Lair:2   | 12265 ||| Stepping randomly (stuck).
 12266 | Lair:2   | 12266 ||| Stepping randomly (stuck).
 12267 | Lair:2   | 12267 ||| Stepping randomly (stuck).
 12268 | Lair:2   | 12268 ||| Stepping randomly (stuck).
 12269 | Lair:2   | 12269 ||| Stepping randomly (stuck).
 12270 | Lair:2   | 12270 ||| Stepping randomly (stuck).
 12271 | Lair:2   | 12271 ||| Stepping randomly (stuck).
 12272 | Lair:2   | 12272 ||| Stepping randomly (stuck).
 12273 | Lair:2   | 12273 ||| Stepping randomly (stuck).
 12274 | Lair:2   | 12274 ||| Stepping randomly (stuck).
 12275 | Lair:2   | 12275 ||| Stepping randomly (stuck).
 12276 | Lair:2   | 12276 ||| Stepping randomly (stuck).
 12277 | Lair:2   | 12277 ||| Stepping randomly (stuck).
 12278 | Lair:2   | 12278 ||| Stepping randomly (stuck).
 12279 | Lair:2   | 12279 ||| Stepping randomly (stuck).
 12280 | Lair:2   | 12280 ||| Stepping randomly (stuck).
 12281 | Lair:2   | 12281 ||| Stepping randomly (stuck).
 12282 | Lair:2   | 12282 ||| Stepping randomly (stuck).
 12283 | Lair:2   | 12283 ||| Stepping randomly (stuck).
 12284 | Lair:2   | 12284 ||| Stepping randomly (stuck).
 12285 | Lair:2   | 12285 ||| Stepping randomly (stuck).
 12286 | Lair:2   | 12286 ||| Stepping randomly (stuck).
 12287 | Lair:2   | 12287 ||| Stepping randomly (stuck).
 12288 | Lair:2   | 12288 ||| Stepping randomly (stuck).
 12289 | Lair:2   | 12289 ||| Stepping randomly (stuck).
 12290 | Lair:2   | 12290 ||| Stepping randomly (stuck).
 12291 | Lair:2   | 12291 ||| Stepping randomly (stuck).
 12292 | Lair:2   | 12292 ||| Stepping randomly (stuck).
 12293 | Lair:2   | 12293 ||| Stepping randomly (stuck).
 12294 | Lair:2   | 12294 ||| Stepping randomly (stuck).
 12295 | Lair:2   | 12295 ||| Stepping randomly (stuck).
 12296 | Lair:2   | 12296 ||| Stepping randomly (stuck).
 12297 | Lair:2   | 12297 ||| Stepping randomly (stuck).
 12298 | Lair:2   | 12298 ||| Stepping randomly (stuck).
 12299 | Lair:2   | 12299 ||| Stepping randomly (stuck).
 12300 | Lair:2   | 12300 ||| Stepping randomly (stuck).
 12301 | Lair:2   | 12301 ||| Stepping randomly (stuck).
 12302 | Lair:2   | 12302 ||| Stepping randomly (stuck).
 12303 | Lair:2   | 12303 ||| Stepping randomly (stuck).
 12304 | Lair:2   | 12304 ||| Stepping randomly (stuck).
 12305 | Lair:2   | 12305 ||| Stepping randomly (stuck).
 12306 | Lair:2   | 12306 ||| Stepping randomly (stuck).
 12307 | Lair:2   | 12307 ||| Stepping randomly (stuck).
 12308 | Lair:2   | 12308 ||| Stepping randomly (stuck).
 12309 | Lair:2   | 12309 ||| Stepping randomly (stuck).
 12310 | Lair:2   | 12310 ||| Stepping randomly (stuck).
 12311 | Lair:2   | 12311 ||| Stepping randomly (stuck).
 12312 | Lair:2   | 12312 ||| Stepping randomly (stuck).
 12313 | Lair:2   | 12313 ||| Stepping randomly (stuck).
 12314 | Lair:2   | 12314 ||| Stepping randomly (stuck).
 12315 | Lair:2   | 12315 ||| Stepping randomly (stuck).
 12316 | Lair:2   | 12316 ||| Stepping randomly (stuck).
 12317 | Lair:2   | 12317 ||| Stepping randomly (stuck).
 12318 | Lair:2   | 12318 ||| Stepping randomly (stuck).
 12319 | Lair:2   | 12319 ||| Stepping randomly (stuck).
 12320 | Lair:2   | 12320 ||| Stepping randomly (stuck).
 12321 | Lair:2   | 12321 ||| Stepping randomly (stuck).
 12322 | Lair:2   | 12322 ||| Stepping randomly (stuck).
 12323 | Lair:2   | 12323 ||| Stepping randomly (stuck).
 12324 | Lair:2   | 12324 ||| Stepping randomly (stuck).
 12325 | Lair:2   | 12325 ||| Stepping randomly (stuck).
 12326 | Lair:2   | 12326 ||| Stepping randomly (stuck).
 12327 | Lair:2   | 12327 ||| Stepping randomly (stuck).
 12328 | Lair:2   | 12328 ||| Stepping randomly (stuck).
 12329 | Lair:2   | 12329 ||| Stepping randomly (stuck).
 12330 | Lair:2   | 12330 ||| Stepping randomly (stuck).
 12331 | Lair:2   | 12331 ||| Stepping randomly (stuck).
 12332 | Lair:2   | 12332 ||| Stepping randomly (stuck).
 12333 | Lair:2   | 12333 ||| Stepping randomly (stuck).
 12334 | Lair:2   | 12334 ||| Stepping randomly (stuck).
 12335 | Lair:2   | 12335 ||| Stepping randomly (stuck).
 12336 | Lair:2   | 12336 ||| Stepping randomly (stuck).
 12337 | Lair:2   | 12337 ||| Stepping randomly (stuck).
 12338 | Lair:2   | 12338 ||| Stepping randomly (stuck).
 12339 | Lair:2   | 12339 ||| Stepping randomly (stuck).
 12340 | Lair:2   | 12340 ||| Stepping randomly (stuck).
 12341 | Lair:2   | 12341 ||| Stepping randomly (stuck).
 12342 | Lair:2   | 12342 ||| Stepping randomly (stuck).
 12343 | Lair:2   | 12343 ||| Stepping randomly (stuck).
 12344 | Lair:2   | 12344 ||| Stepping randomly (stuck).
 12345 | Lair:2   | 12345 ||| Stepping randomly (stuck).
 12346 | Lair:2   | 12346 ||| Stepping randomly (stuck).
 12347 | Lair:2   | 12347 ||| Stepping randomly (stuck).
 12348 | Lair:2   | 12348 ||| Stepping randomly (stuck).
 12349 | Lair:2   | 12349 ||| Stepping randomly (stuck).
 12350 | Lair:2   | 12350 ||| Stepping randomly (stuck).
 12351 | Lair:2   | 12351 ||| Stepping randomly (stuck).
 12352 | Lair:2   | 12352 ||| Stepping randomly (stuck).
 12353 | Lair:2   | 12353 ||| Stepping randomly (stuck).
 12354 | Lair:2   | 12354 ||| Stepping randomly (stuck).
 12355 | Lair:2   | 12355 ||| Stepping randomly (stuck).
 12357 | Lair:2   | 12357 ||| Stepping randomly (stuck).
 12359 | Lair:2   | 12359 ||| Stepping randomly (stuck).
 12360 | Lair:2   | 12360 ||| Stepping randomly (stuck).
 12361 | Lair:2   | 12361 ||| Stepping randomly (stuck).
 12362 | Lair:2   | 12362 ||| Stepping randomly (stuck).
 12363 | Lair:2   | 12363 ||| Stepping randomly (stuck).
 12364 | Lair:2   | 12364 ||| Stepping randomly (stuck).
 12365 | Lair:2   | 12365 ||| Stepping randomly (stuck).
 12366 | Lair:2   | 12366 ||| Stepping randomly (stuck).
 12367 | Lair:2   | 12367 ||| Stepping randomly (stuck).
 12368 | Lair:2   | 12368 ||| Stepping randomly (stuck).
 12369 | Lair:2   | 12369 ||| Stepping randomly (stuck).
 12370 | Lair:2   | 12370 ||| Stepping randomly (stuck).
 12371 | Lair:2   | 12371 ||| Stepping randomly (stuck).
 12372 | Lair:2   | 12372 ||| Stepping randomly (stuck).
 12373 | Lair:2   | 12373 ||| Stepping randomly (stuck).
 12374 | Lair:2   | 12374 ||| Stepping randomly (stuck).
 12375 | Lair:2   | 12375 ||| Stepping randomly (stuck).
 12376 | Lair:2   | 12376 ||| Stepping randomly (stuck).
 12377 | Lair:2   | 12377 ||| Stepping randomly (stuck).
 12378 | Lair:2   | 12378 ||| Stepping randomly (stuck).
 12379 | Lair:2   | 12379 ||| Stepping randomly (stuck).
 12380 | Lair:2   | 12380 ||| Stepping randomly (stuck).
 12381 | Lair:2   | 12381 ||| Stepping randomly (stuck).
 12382 | Lair:2   | 12382 ||| Stepping randomly (stuck).
 12383 | Lair:2   | 12383 ||| Stepping randomly (stuck).
 12384 | Lair:2   | 12384 ||| Stepping randomly (stuck).
 12385 | Lair:2   | 12385 ||| Stepping randomly (stuck).
 12386 | Lair:2   | 12386 ||| Stepping randomly (stuck).
 12387 | Lair:2   | 12387 ||| Stepping randomly (stuck).
 12388 | Lair:2   | 12388 ||| Stepping randomly (stuck).
 12389 | Lair:2   | 12389 ||| Stepping randomly (stuck).
 12390 | Lair:2   | 12390 ||| Stepping randomly (stuck).
 12391 | Lair:2   | 12391 ||| Stepping randomly (stuck).
 12392 | Lair:2   | 12392 ||| Stepping randomly (stuck).
 12393 | Lair:2   | 12393 ||| Stepping randomly (stuck).
 12394 | Lair:2   | 12394 ||| Stepping randomly (stuck).
 12395 | Lair:2   | 12395 ||| Stepping randomly (stuck).
 12396 | Lair:2   | 12396 ||| Stepping randomly (stuck).
 12397 | Lair:2   | 12397 ||| Stepping randomly (stuck).
 12398 | Lair:2   | 12398 ||| Stepping randomly (stuck).
 12399 | Lair:2   | 12399 ||| Stepping randomly (stuck).
 12400 | Lair:2   | 12400 ||| Stepping randomly (stuck).
 12401 | Lair:2   | 12401 ||| Stepping randomly (stuck).
 12402 | Lair:2   | 12402 ||| Stepping randomly (stuck).
 12403 | Lair:2   | 12403 ||| Stepping randomly (stuck).
 12404 | Lair:2   | 12404 ||| Stepping randomly (stuck).
 12405 | Lair:2   | 12405 ||| Stepping randomly (stuck).
 12406 | Lair:2   | 12406 ||| Stepping randomly (stuck).
 12407 | Lair:2   | 12407 ||| Stepping randomly (stuck).
 12408 | Lair:2   | 12408 ||| Stepping randomly (stuck).
 12409 | Lair:2   | 12409 ||| Stepping randomly (stuck).
 12410 | Lair:2   | 12410 ||| Stepping randomly (stuck).
 12411 | Lair:2   | 12411 ||| Stepping randomly (stuck).
 12412 | Lair:2   | 12412 ||| Stepping randomly (stuck).
 12413 | Lair:2   | 12413 ||| Stepping randomly (stuck).
 12414 | Lair:2   | 12414 ||| Stepping randomly (stuck).
 12415 | Lair:2   | 12415 ||| Stepping randomly (stuck).
 12416 | Lair:2   | 12416 ||| Stepping randomly (stuck).
 12417 | Lair:2   | 12417 ||| Stepping randomly (stuck).
 12418 | Lair:2   | 12418 ||| Stepping randomly (stuck).
 12419 | Lair:2   | 12419 ||| Stepping randomly (stuck).
 12420 | Lair:2   | 12420 ||| Stepping randomly (stuck).
 12421 | Lair:2   | 12421 ||| Stepping randomly (stuck).
 12422 | Lair:2   | 12422 ||| Stepping randomly (stuck).
 12423 | Lair:2   | 12423 ||| Stepping randomly (stuck).
 12424 | Lair:2   | 12424 ||| Stepping randomly (stuck).
 12425 | Lair:2   | 12425 ||| Stepping randomly (stuck).
 12426 | Lair:2   | 12426 ||| Stepping randomly (stuck).
 12427 | Lair:2   | 12427 ||| Stepping randomly (stuck).
 12428 | Lair:2   | 12428 ||| Stepping randomly (stuck).
 12429 | Lair:2   | 12429 ||| Stepping randomly (stuck).
 12430 | Lair:2   | 12430 ||| Stepping randomly (stuck).
 12431 | Lair:2   | 12431 ||| Stepping randomly (stuck).
 12432 | Lair:2   | 12432 ||| Stepping randomly (stuck).
 12433 | Lair:2   | 12433 ||| Stepping randomly (stuck).
 12434 | Lair:2   | 12434 ||| Stepping randomly (stuck).
 12435 | Lair:2   | 12435 ||| Stepping randomly (stuck).
 12436 | Lair:2   | 12436 ||| Stepping randomly (stuck).
 12437 | Lair:2   | 12437 ||| Stepping randomly (stuck).
 12438 | Lair:2   | 12438 ||| Stepping randomly (stuck).
 12439 | Lair:2   | 12439 ||| Stepping randomly (stuck).
 12440 | Lair:2   | 12440 ||| Stepping randomly (stuck).
 12441 | Lair:2   | 12441 ||| Stepping randomly (stuck).
 12442 | Lair:2   | 12442 ||| Stepping randomly (stuck).
 12443 | Lair:2   | 12443 ||| Stepping randomly (stuck).
 12444 | Lair:2   | 12444 ||| Stepping randomly (stuck).
 12445 | Lair:2   | 12445 ||| Stepping randomly (stuck).
 12446 | Lair:2   | 12446 ||| Stepping randomly (stuck).
 12447 | Lair:2   | 12447 ||| Stepping randomly (stuck).
 12448 | Lair:2   | 12448 ||| Stepping randomly (stuck).
 12449 | Lair:2   | 12449 ||| Stepping randomly (stuck).
 12450 | Lair:2   | 12450 ||| Stepping randomly (stuck).
 12451 | Lair:2   | 12451 ||| Stepping randomly (stuck).
 12452 | Lair:2   | 12452 ||| Stepping randomly (stuck).
 12453 | Lair:2   | 12453 ||| Stepping randomly (stuck).
 12454 | Lair:2   | 12454 ||| Stepping randomly (stuck).
 12455 | Lair:2   | 12455 ||| Stepping randomly (stuck).
 12456 | Lair:2   | 12456 ||| Stepping randomly (stuck).
 12457 | Lair:2   | 12457 ||| Stepping randomly (stuck).
 12458 | Lair:2   | 12458 ||| Stepping randomly (stuck).
 12459 | Lair:2   | 12459 ||| Stepping randomly (stuck).
 12460 | Lair:2   | 12460 ||| Stepping randomly (stuck).
 12461 | Lair:2   | 12461 ||| Stepping randomly (stuck).
 12462 | Lair:2   | 12462 ||| Stepping randomly (stuck).
 12463 | Lair:2   | 12463 ||| Stepping randomly (stuck).
 12464 | Lair:2   | 12464 ||| Stepping randomly (stuck).
 12465 | Lair:2   | 12465 ||| Stepping randomly (stuck).
 12466 | Lair:2   | 12466 ||| Stepping randomly (stuck).
 12467 | Lair:2   | 12467 ||| Stepping randomly (stuck).
 12468 | Lair:2   | 12468 ||| Stepping randomly (stuck).
 12469 | Lair:2   | 12469 ||| Stepping randomly (stuck).
 12470 | Lair:2   | 12470 ||| Stepping randomly (stuck).
 12471 | Lair:2   | 12471 ||| Stepping randomly (stuck).
 12472 | Lair:2   | 12472 ||| Stepping randomly (stuck).
 12473 | Lair:2   | 12473 ||| Stepping randomly (stuck).
 12474 | Lair:2   | 12474 ||| Stepping randomly (stuck).
 12475 | Lair:2   | 12475 ||| Stepping randomly (stuck).
 12476 | Lair:2   | 12476 ||| Stepping randomly (stuck).
 12477 | Lair:2   | 12477 ||| Stepping randomly (stuck).
 12478 | Lair:2   | 12478 ||| Stepping randomly (stuck).
 12479 | Lair:2   | 12479 ||| Stepping randomly (stuck).
 12480 | Lair:2   | 12480 ||| Stepping randomly (stuck).
 12481 | Lair:2   | 12481 ||| Stepping randomly (stuck).
 12482 | Lair:2   | 12482 ||| Stepping randomly (stuck).
 12483 | Lair:2   | 12483 ||| Stepping randomly (stuck).
 12484 | Lair:2   | 12484 ||| Stepping randomly (stuck).
 12485 | Lair:2   | 12485 ||| Stepping randomly (stuck).
 12486 | Lair:2   | 12486 ||| Stepping randomly (stuck).
 12487 | Lair:2   | 12487 ||| Stepping randomly (stuck).
 12488 | Lair:2   | 12488 ||| Stepping randomly (stuck).
 12489 | Lair:2   | 12489 ||| Stepping randomly (stuck).
 12490 | Lair:2   | 12490 ||| Stepping randomly (stuck).
 12491 | Lair:2   | 12491 ||| Stepping randomly (stuck).
 12492 | Lair:2   | 12492 ||| Stepping randomly (stuck).
 12493 | Lair:2   | 12493 ||| Stepping randomly (stuck).
 12494 | Lair:2   | 12494 ||| Stepping randomly (stuck).
 12495 | Lair:2   | 12495 ||| Stepping randomly (stuck).
 12496 | Lair:2   | 12496 ||| Stepping randomly (stuck).
 12497 | Lair:2   | 12497 ||| Stepping randomly (stuck).
 12498 | Lair:2   | 12498 ||| Stepping randomly (stuck).
 12499 | Lair:2   | 12499 ||| Stepping randomly (stuck).
 12500 | Lair:2   | 12500 ||| Stepping randomly (stuck).
 12501 | Lair:2   | 12501 ||| Stepping randomly (stuck).
 12502 | Lair:2   | 12502 ||| Stepping randomly (stuck).
 12503 | Lair:2   | 12503 ||| Stepping randomly (stuck).
 12504 | Lair:2   | 12504 ||| Stepping randomly (stuck).
 12505 | Lair:2   | 12505 ||| Stepping randomly (stuck).
 12506 | Lair:2   | 12506 ||| Stepping randomly (stuck).
 12507 | Lair:2   | 12507 ||| Stepping randomly (stuck).
 12508 | Lair:2   | 12508 ||| Stepping randomly (stuck).
 12509 | Lair:2   | 12509 ||| Stepping randomly (stuck).
 12510 | Lair:2   | 12510 ||| Stepping randomly (stuck).
 12511 | Lair:2   | 12511 ||| Stepping randomly (stuck).
 12512 | Lair:2   | 12512 ||| Stepping randomly (stuck).
 12513 | Lair:2   | 12513 ||| Stepping randomly (stuck).
 12514 | Lair:2   | 12514 ||| Stepping randomly (stuck).
 12515 | Lair:2   | 12515 ||| Stepping randomly (stuck).
 12516 | Lair:2   | 12516 ||| Stepping randomly (stuck).
 12517 | Lair:2   | 12517 ||| Stepping randomly (stuck).
 12518 | Lair:2   | 12518 ||| Stepping randomly (stuck).
 12519 | Lair:2   | 12519 ||| Stepping randomly (stuck).
 12520 | Lair:2   | 12520 ||| Stepping randomly (stuck).
 12521 | Lair:2   | 12521 ||| Stepping randomly (stuck).
 12522 | Lair:2   | 12522 ||| Stepping randomly (stuck).
 12523 | Lair:2   | 12523 ||| Stepping randomly (stuck).
 12524 | Lair:2   | 12524 ||| Stepping randomly (stuck).
 12525 | Lair:2   | 12525 ||| Stepping randomly (stuck).
 12526 | Lair:2   | 12526 ||| Stepping randomly (stuck).
 12527 | Lair:2   | 12527 ||| Stepping randomly (stuck).
 12528 | Lair:2   | 12528 ||| Stepping randomly (stuck).
 12529 | Lair:2   | 12529 ||| Stepping randomly (stuck).
 12530 | Lair:2   | 12530 ||| Stepping randomly (stuck).
 12531 | Lair:2   | 12531 ||| Stepping randomly (stuck).
 12532 | Lair:2   | 12532 ||| Stepping randomly (stuck).
 12533 | Lair:2   | 12533 ||| Stepping randomly (stuck).
 12534 | Lair:2   | 12534 ||| Stepping randomly (stuck).
 12535 | Lair:2   | 12535 ||| Stepping randomly (stuck).
 12536 | Lair:2   | 12536 ||| Stepping randomly (stuck).
 12537 | Lair:2   | 12537 ||| Stepping randomly (stuck).
 12538 | Lair:2   | 12538 ||| Stepping randomly (stuck).
 12539 | Lair:2   | 12539 ||| Stepping randomly (stuck).
 12540 | Lair:2   | 12540 ||| Stepping randomly (stuck).
 12541 | Lair:2   | 12541 ||| Stepping randomly (stuck).
 12542 | Lair:2   | 12542 ||| Stepping randomly (stuck).
 12543 | Lair:2   | 12543 ||| Stepping randomly (stuck).
 12544 | Lair:2   | 12544 ||| Stepping randomly (stuck).
 12545 | Lair:2   | 12545 ||| Stepping randomly (stuck).
 12546 | Lair:2   | 12546 ||| Stepping randomly (stuck).
 12547 | Lair:2   | 12547 ||| Stepping randomly (stuck).
 12548 | Lair:2   | 12548 ||| Stepping randomly (stuck).
 12549 | Lair:2   | 12549 ||| Stepping randomly (stuck).
 12550 | Lair:2   | 12550 ||| Stepping randomly (stuck).
 12551 | Lair:2   | 12551 ||| Stepping randomly (stuck).
 12552 | Lair:2   | 12552 ||| Stepping randomly (stuck).
 12553 | Lair:2   | 12553 ||| Stepping randomly (stuck).
 12554 | Lair:2   | 12554 ||| Stepping randomly (stuck).
 12555 | Lair:2   | 12555 ||| Stepping randomly (stuck).
 12556 | Lair:2   | 12556 ||| Stepping randomly (stuck).
 12557 | Lair:2   | 12557 ||| Stepping randomly (stuck).
 12558 | Lair:2   | 12558 ||| Stepping randomly (stuck).
 12559 | Lair:2   | 12559 ||| Stepping randomly (stuck).
 12560 | Lair:2   | 12560 ||| Stepping randomly (stuck).
 12561 | Lair:2   | 12561 ||| Stepping randomly (stuck).
 12562 | Lair:2   | 12562 ||| Stepping randomly (stuck).
 12563 | Lair:2   | 12563 ||| Stepping randomly (stuck).
 12564 | Lair:2   | 12564 ||| Stepping randomly (stuck).
 12565 | Lair:2   | 12565 ||| Stepping randomly (stuck).
 12566 | Lair:2   | 12566 ||| Stepping randomly (stuck).
 12567 | Lair:2   | 12567 ||| Stepping randomly (stuck).
 12568 | Lair:2   | 12568 ||| Stepping randomly (stuck).
 12569 | Lair:2   | 12569 ||| Stepping randomly (stuck).
 12570 | Lair:2   | 12570 ||| Stepping randomly (stuck).
 12571 | Lair:2   | 12571 ||| Stepping randomly (stuck).
 12572 | Lair:2   | 12572 ||| Stepping randomly (stuck).
 12573 | Lair:2   | 12573 ||| Stepping randomly (stuck).
 12574 | Lair:2   | 12574 ||| Stepping randomly (stuck).
 12575 | Lair:2   | 12575 ||| Stepping randomly (stuck).
 12576 | Lair:2   | 12576 ||| Stepping randomly (stuck).
 12577 | Lair:2   | 12577 ||| Stepping randomly (stuck).
 12578 | Lair:2   | 12578 ||| Stepping randomly (stuck).
 12579 | Lair:2   | 12579 ||| Stepping randomly (stuck).
 12580 | Lair:2   | 12580 ||| Stepping randomly (stuck).
 12581 | Lair:2   | 12581 ||| Stepping randomly (stuck).
 12582 | Lair:2   | 12582 ||| Stepping randomly (stuck).
 12583 | Lair:2   | 12583 ||| Stepping randomly (stuck).
 12584 | Lair:2   | 12584 ||| Stepping randomly (stuck).
 12585 | Lair:2   | 12585 ||| Stepping randomly (stuck).
 12586 | Lair:2   | 12586 ||| Stepping randomly (stuck).
 12587 | Lair:2   | 12587 ||| Stepping randomly (stuck).
 12588 | Lair:2   | 12588 ||| Stepping randomly (stuck).
 12589 | Lair:2   | 12589 ||| Stepping randomly (stuck).
 12590 | Lair:2   | 12590 ||| Stepping randomly (stuck).
 12591 | Lair:2   | 12591 ||| Stepping randomly (stuck).
 12592 | Lair:2   | 12592 ||| Stepping randomly (stuck).
 12593 | Lair:2   | 12593 ||| Stepping randomly (stuck).
 12594 | Lair:2   | 12594 ||| Stepping randomly (stuck).
 12595 | Lair:2   | 12595 ||| Stepping randomly (stuck).
 12596 | Lair:2   | 12596 ||| Stepping randomly (stuck).
 12597 | Lair:2   | 12597 ||| Stepping randomly (stuck).
 12598 | Lair:2   | 12598 ||| Stepping randomly (stuck).
 12599 | Lair:2   | 12599 ||| Stepping randomly (stuck).
 12600 | Lair:2   | 12600 ||| Stepping randomly (stuck).
 12601 | Lair:2   | 12601 ||| Stepping randomly (stuck).
 12602 | Lair:2   | 12602 ||| Stepping randomly (stuck).
 12603 | Lair:2   | 12603 ||| Stepping randomly (stuck).
 12604 | Lair:2   | 12604 ||| Stepping randomly (stuck).
 12605 | Lair:2   | 12605 ||| Stepping randomly (stuck).
 12606 | Lair:2   | 12606 ||| Stepping randomly (stuck).
 12607 | Lair:2   | 12607 ||| Stepping randomly (stuck).
 12608 | Lair:2   | 12608 ||| Stepping randomly (stuck).
 12609 | Lair:2   | 12609 ||| Stepping randomly (stuck).
 12610 | Lair:2   | 12610 ||| Stepping randomly (stuck).
 12611 | Lair:2   | 12611 ||| Stepping randomly (stuck).
 12612 | Lair:2   | 12612 ||| Stepping randomly (stuck).
 12613 | Lair:2   | 12613 ||| Stepping randomly (stuck).
 12614 | Lair:2   | 12614 ||| Stepping randomly (stuck).
 12615 | Lair:2   | 12615 ||| Stepping randomly (stuck).
 12616 | Lair:2   | 12616 ||| Stepping randomly (stuck).
 12617 | Lair:2   | 12617 ||| Stepping randomly (stuck).
 12618 | Lair:2   | 12618 ||| Stepping randomly (stuck).
 12619 | Lair:2   | 12619 ||| Stepping randomly (stuck).
 12620 | Lair:2   | 12620 ||| Stepping randomly (stuck).
 12621 | Lair:2   | 12621 ||| Stepping randomly (stuck).
 12622 | Lair:2   | 12622 ||| Stepping randomly (stuck).
 12623 | Lair:2   | 12623 ||| Stepping randomly (stuck).
 12624 | Lair:2   | 12624 ||| Stepping randomly (stuck).
 12625 | Lair:2   | 12625 ||| Stepping randomly (stuck).
 12626 | Lair:2   | 12626 ||| Stepping randomly (stuck).
 12627 | Lair:2   | 12627 ||| Stepping randomly (stuck).
 12628 | Lair:2   | 12628 ||| Stepping randomly (stuck).
 12629 | Lair:2   | 12629 ||| Stepping randomly (stuck).
 12630 | Lair:2   | 12630 ||| Stepping randomly (stuck).
 12631 | Lair:2   | 12631 ||| Stepping randomly (stuck).
 12632 | Lair:2   | 12632 ||| Stepping randomly (stuck).
 12633 | Lair:2   | 12633 ||| Stepping randomly (stuck).
 12634 | Lair:2   | 12634 ||| Stepping randomly (stuck).
 12635 | Lair:2   | 12635 ||| Stepping randomly (stuck).
 12636 | Lair:2   | 12636 ||| Stepping randomly (stuck).
 12637 | Lair:2   | 12637 ||| Stepping randomly (stuck).
 12638 | Lair:2   | 12638 ||| Stepping randomly (stuck).
 12639 | Lair:2   | 12639 ||| Stepping randomly (stuck).
 12640 | Lair:2   | 12640 ||| Stepping randomly (stuck).
 12641 | Lair:2   | 12641 ||| Stepping randomly (stuck).
 12642 | Lair:2   | 12642 ||| Stepping randomly (stuck).
 12643 | Lair:2   | 12643 ||| Stepping randomly (stuck).
 12644 | Lair:2   | 12644 ||| Stepping randomly (stuck).
 12645 | Lair:2   | 12645 ||| Stepping randomly (stuck).
 12646 | Lair:2   | 12646 ||| Stepping randomly (stuck).
 12647 | Lair:2   | 12647 ||| Stepping randomly (stuck).
 12648 | Lair:2   | 12648 ||| Stepping randomly (stuck).
 12649 | Lair:2   | 12649 ||| Stepping randomly (stuck).
 12650 | Lair:2   | 12650 ||| Stepping randomly (stuck).
 12651 | Lair:2   | 12651 ||| Stepping randomly (stuck).
 12652 | Lair:2   | 12652 ||| Stepping randomly (stuck).
 12653 | Lair:2   | 12653 ||| Stepping randomly (stuck).
 12654 | Lair:2   | 12654 ||| Stepping randomly (stuck).
 12655 | Lair:2   | 12655 ||| Stepping randomly (stuck).
 12656 | Lair:2   | 12656 ||| Stepping randomly (stuck).
 12657 | Lair:2   | 12657 ||| Stepping randomly (stuck).
 12658 | Lair:2   | 12658 ||| Stepping randomly (stuck).
 12659 | Lair:2   | 12659 ||| Stepping randomly (stuck).
 12660 | Lair:2   | 12660 ||| Stepping randomly (stuck).
 12661 | Lair:2   | 12661 ||| Stepping randomly (stuck).
 12662 | Lair:2   | 12662 ||| Stepping randomly (stuck).
 12663 | Lair:2   | 12663 ||| Stepping randomly (stuck).
 12664 | Lair:2   | Quit the game

Levels and vault maps discovered:
D:1:      psy_arrival_statuary, layout_basic
D:2:      wad_river_or_something, layout_basic, basic_altar, serial_forest,
          infiniplex_forest_clump_small, infiniplex_forest_lined_room_2,
          infiniplex_forest_straight_1, infiniplex_forest_end_2,
          infiniplex_forest_clump_long, infiniplex_forest_lined_room_2,
          ebering_ecumenical_altar_abandoned
D:3:      layout_loops_ring, portal_sewer_entry_f, uniq_grinder
D:4:      minmay_polygon_palace, layout_rooms
D:5:      layout_loops_ring
D:6:      layout_loops_ring, grunt_temple_overflow_opulence,
          mainiacjoe_overflow_chevrons
D:7:      layout_loops_cross, temple_pool_b
D:8:      layout_cave_pools, minmay_manual_moon, uniq_pikel
D:9:      layout_small_grid, lemuel_zombie_altar_yredelemnul,
          grunt_temple_overflow_order_and_chaos_1, minitemple, serial_shops,
          nicolae_stop_n_shop_1, minmay_microvault
D:10:     layout_layer_cave, mainiacjoe_overflow_concentric_impassable,
          serial_shops, nicolae_shop_behind_doors, minmay_misc_feat_diagonals
D:11:     layout_irregular_city, lair_entry_dummy, orc_0_dummy,
          gauntlet_entry_generic
Lair:1:   layout_gridlike, grunt_megastairs_3, uniq_harold
Lair:2:   layout_loops_ring, shoals_dummy_entry, lemuel_fruit_tree

Skill      XL: |  1  2  3  4  5  6  7  8  9 10 11 12 |
---------------+-------------------------------------+-----
Unarmed Combat | 4 5 6 7 9 10 12 14 | 14.7
Dodging        | 1 2 3 |  3.0
Fighting       | 3 4 5 6 |  6.1
Throwing       | 1 3 |  3.4
Shields        | 2 7 9 10 | 10.1
Armour         | 1 2 |  2.2
Spellcasting   | |  1.0
Fire Magic     | |  2.1

Action                   |  1- 3 |  4- 6 |  7- 9 | 10-12 || total
-------------------------+-------+-------+-------+-------++-------
Melee: Unarmed           |    83 |   113 |   256 |   387 ||   839
       Punch             |     1 |     4 |     5 |       ||    10
Throw: Boomerang         |    61 |    65 |    13 |    12 ||   151
       Javelin           |       |       |    23 |    54 ||    77
Invok: Fiery Armour      |       |       |     3 |     9 ||    12
  Use: Scroll            |     6 |     8 |     6 |    15 ||    35
       Potion            |       |     2 |       |     3 ||     5
 Stab: Sleeping          |       |     1 |       |       ||     1
Armor: Robe              |    25 |    25 |    61 |       ||   111
       Steam dragon scal |       |       |    24 |   196 ||   220
Dodge: Dodged            |    21 |    39 |    93 |   141 ||   294
Block: Kite shield       |       |       |    48 |   208 ||   256

Table legend:
 A = Non-vault XP
 B = Vault XP
 C = Vault XP percentage of total XP
 D = Non-vault monster count
 E = Vault monster count
 F = Vault count percentage of total count
                 A         B        C        D         E       F
            +---------+---------+-------+---------+---------+-------
      Total |   21322 |    4597 |  17.7 |     248 |      66 |  21.0
            +---------+---------+-------+---------+---------+-------
        D:1 |      47 |       0 |   0.0 |      25 |       0 |   0.0
        D:2 |      40 |      28 |  41.2 |      15 |       9 |  37.5
        D:3 |     220 |     298 |  57.5 |      18 |       5 |  21.7
        D:4 |     234 |     242 |  50.8 |      22 |      15 |  40.5
        D:5 |     373 |       0 |   0.0 |      15 |       0 |   0.0
        D:6 |    1032 |       0 |   0.0 |      24 |       0 |   0.0
        D:7 |     671 |       0 |   0.0 |      11 |       0 |   0.0
        D:8 |     928 |    1250 |  57.4 |      18 |       6 |  25.0
        D:9 |    2601 |    1355 |  34.3 |      23 |       3 |  11.5
       D:10 |    1277 |       0 |   0.0 |      18 |       0 |   0.0
       D:11 |    4645 |       0 |   0.0 |      25 |       0 |   0.0
     Lair:1 |    3050 |    1349 |  30.7 |      16 |       2 |  11.1
     Lair:2 |    6204 |       0 |   0.0 |      18 |       0 |   0.0
      Sewer |       0 |      75 | 100.0 |       0 |      26 | 100.0
            +---------+---------+-------+---------+---------+-------
